Workbook

Sheet Приложение 1
C1: Приложение 1 к решению Совета депутатов Набережного сельского поселения Ромодановского муниципального района Республики Мордовия «О внесении изменений в решение Совета депутатов Набережного сельского поселения Ромодановского муниципального района Республики Мордовия от 26 декабря 2024 г № 19 «О бюджете Набережного сельского поселения Ромодановского муниципального района Республики Мордовия на 2025 год и на плановый период 2026 и 2027 годов» Приложение 2 к решению Совета депутатов Набережного сельского поселения Ромодановского муниципального района Республики Мордовия «О бюджете Набережного сельского поселения Ромодановского муниципального района Республики Мордовия на 2025 год и на плановый период 2026 и 2027 годов»
A6: ОБЪЕМ БЕЗВОЗМЕЗДНЫХ ПОСТУПЛЕНИЙ В БЮДЖЕТ НАБЕРЕЖНОГО СЕЛЬСКОГО ПОСЕЛЕНИЯ РОМОДАНОВСКОГО МУНИЦИПАЛЬНОГО РАЙОНА РЕСПУБЛИКИ МОРДОВИЯ НА 2025 ГОД И НА ПЛАНОВЫЙ ПЕРИОД 2026 И 2027 ГОДОВ
E7: (тыс. рублей)
A8: Код | B8: Наименование | C8: Сумма
C9: 2025 год | D9: 2026 год | E9: 2027 год
A10: 1 | B10: 2 | C10: 3 | D10: 4 | E10: 5
A11: 2 00 00000 00 0000 000 | B11: БЕЗВОЗМЕЗДНЫЕ ПОСТУПЛЕНИЯ | C11: =C12 -> 3444.5 | D11: =D12 -> 1254.1 | E11: =E12 -> 1279.1
A12: 2 02 00000 00 0000 000 | B12: Безвозмездные поступления от других бюджетов бюджетной системы Российской Федерации | C12: =C13+C21+C26+C18 -> 3444.5 | D12: =D13+D21+D26 -> 1254.1 | E12: =E13+E21+E26 -> 1279.1
A13: 2 02 10000 00 0000 150 | B13: Дотации бюджетам бюджетной системы Российской Федерации | C13: =C14+C16 -> 1069.1 | D13: =D14 -> 724.7 | E13: =E14 -> 729.4
A14: 2 02 15001 00 0000 150 | B14: Дотации на выравнивание бюджетной обеспеченности | C14: =C15 -> 835.8 | D14: =D15 -> 724.7 | E14: =E15 -> 729.4
A15: 2 02 15001 10 0000 150 | B15: Дотации бюджетам сельских поселений на выравнивание бюджетной обеспеченности из бюджета субъекта Российской Федерации | C15: 835.8 | D15: 724.7 | E15: 729.4
A16: 2 02 15002 00 0000 150 | B16: Дотация бюджетам на поддержку мер по обеспечению сбалансированности бюджетов | C16: =C17 -> 233.3
A17: 2 02 15002 10 0000 150 | B17: Дотации бюджетам сельских поселений на поддержку мер по обеспечению сбалансированности бюджетов | C17: 233.3
A18: 2 02 20000 00 0000 150 | B18: Субсидии бюджетам бюджетной системы Российской Федерации (межбюджетные субсидии) | C18: =C20 -> 92.9
A19: 2 02 29999 00 0000 150 | B19: Прочие субсидии | C19: =C20 -> 92.9
A20: 2 02 29999 10 0000 150 | B20: Прочие субсидии бюджетам сельских поселений | C20: 92.9
A21: 2 02 30000 00 0000 150 | B21: Субвенции бюджетам бюджетной системы Российской Федерации | C21: =C22+C24 -> 159.5 | D21: =D22+D24 -> 174.4 | E21: =E22+E24 -> 180.7
A22: 2 02 30024 00 0000 150 | B22: Субвенции местным бюджетам на выполнение передаваемых полномочий субъектов Российской Федерации | C22: =C23 -> 0.5 | D22: =D23 -> 0.5 | E22: =E23 -> 0.5
A23: 2 02 30024 10 0000 150 | B23: Субвенции бюджетам сельских поселений на выполнение передаваемых полномочий субъектов Российской Федерации | C23: 0.5 | D23: 0.5 | E23: 0.5
A24: 2 02 35118 00 0000 150 | B24: Субвенции бюджетам на осуществление первичного воинского учета органами местного самоуправления поселений,муниципальных и городских округов | C24: =C25 -> 159 | D24: =D25 -> 173.9 | E24: =E25 -> 180.2
A25: 2 02 35118 10 0000 150 | B25: Субвенции бюджетам сельских поселений на осуществление первичного воинского учета органами местного самоуправления поселений,муниципальных и городских округов | C25: 159 | D25: 173.9 | E25: 180.2
A26: 2 02 40000 00 0000 150 | B26: Иные межбюджетные трансферты | C26: =C27+C29 -> 2123 | D26: =D27 -> 355 | E26: =E27 -> 369
A27: 2 02 40014 00 0000 150 | B27: Межбюджетные трансферты, передаваемые бюджетам муниципальных образований на осуществление части полномочий по решению вопросов местного значения в соответствии с заключенными соглашениями | C27: =C28 -> 335 | D27: =D28 -> 355 | E27: =E28 -> 369
A28: 2 02 40014 10 0000 150 | B28: Межбюджетные трансферты, передаваемые бюджетам сельских поселений из бюджетов муниципальных районов на осуществление части полномочий по решению вопросов местного значения в соответствии с заключенными соглашениями | C28: 335 | D28: 355 | E28: 369
A29: 2 02 49999 00 0000 150 | B29: Прочие межбюджетные трансферты, передаваемые бюджетам | C29: =C30 -> 1788
A30: 2 02 49999 10 0000 150 | B30: Прочие межбюджетные трансферты, передаваемые бюджетам сельских поселений | C30: 1788

Sheet Приложение 2
I1: Приложение 2 к решению Совета депутатов Набережного сельского поселения Ромодановского муниципального района Республики Мордовия «О внесении изменений в решение Совета депутатов Набережного сельского поселения Ромодановского муниципального района Республики Мордовия от 26 декабря 2024 г № 19 «О бюджете Набережного сельского поселения Ромодановского муниципального района Республики Мордовия на 2025 год и на плановый период 2026 и 2027 годов» Приложение 3 к решению Совета депутатов Набережного сельского поселения Ромодановского муниципального района Республики Мордовия «О бюджете Набережного сельского поселения Ромодановского муниципального района Республики Мордовия на 2025 год и на плановый период 2026 и 2027 годов»
A2: ВЕДОМСТВЕННАЯ СТРУКТУРА РАСХОДОВ БЮДЖЕТА НАБЕРЕЖНОГО СЕЛЬСКОГО ПОСЕЛЕНИЯ РОМОДАНОВСКОГО МУНИЦИПАЛЬНОГО РАЙОНА РЕСПУБЛИКИ МОРДОВИЯ НА 2025 ГОД И НА ПЛАНОВЫЙ ПЕРИОД 2026 И 2027 ГОДОВ
I3: (тыс. рублей)
A4: Наименование | B4: Адм | C4: Рз | D4: Прз | E4: Цср | I4: Вр | J4: Сумма
J5: 2025 год | K5: 2026 год | L5: 2027 год
A6: 1 | B6: 2 | C6: 3 | D6: 4 | E6: 5 | F6: 6 | G6: 7 | H6: 8 | I6: 9 | J6: 10 | K6: 11 | L6: 12
A7: Администрация Набережного сельского поселения Ромодановского муниципального района Республики Мордовия | B7: 919 | J7: =J8+J49+J58+J65+J84+J98+J91 -> 5026 | K7: =K8+K49+K58+K65+K84+K98+K91 -> 2066.5 | L7: =L8+L49+L58+L65+L84+L91+L98 -> 2117.9
A8: Общегосударственные вопросы | B8: 919 | C8: 01 | J8: =J9+J18+J34+J40 -> 1565.1 | K8: =K9+K18+K34 -> 1076.7 | L8: =L9+L18+L34 -> 1073.9
A9: Функционирование высшего должностного лица субъекта Российской Федерации и муниципального образования | B9: 919 | C9: 01 | D9: 02 | J9: =J10 -> 651.9 | K9: =K10 -> 600.6 | L9: =L10 -> 546.4
A10: Обеспечение деятельности Администрации Набережного сельского поселения Ромодановского муниципального района Республики Мордовия | B10: 919 | C10: 01 | D10: 02 | E10: 65 | J10: =J11 -> 651.9 | K10: =K11 -> 600.6 | L10: =L11 -> 546.4
A11: Высшее должностное лицо | B11: 919 | C11: 01 | D11: 02 | E11: 65 | F11: 1 | J11: =J12+J15 -> 651.9 | K11: =K12 -> 600.6 | L11: =L12 -> 546.4
A12: Расходы на выплаты по оплате труда высшего должностного лица | B12: 919 | C12: 01 | D12: 02 | E12: 65 | F12: 1 | G12: 00 | H12: 41150 | J12: =J13 -> 558.1 | K12: =K13 -> 600.6 | L12: =L13 -> 546.4
A13: Расходы на выплаты персоналу в целях обеспечения выполнения функций государственными (муниципальными) органами, казенными учреждениями, органами управления государственными внебюджетными фондами | B13: 919 | C13: 01 | D13: 02 | E13: 65 | F13: 1 | G13: 00 | H13: 41150 | I13: 100 | J13: =J14 -> 558.1 | K13: =K14 -> 600.6 | L13: =L14 -> 546.4
A14: Расходы на выплаты персоналу государственных (муниципальных) органов | B14: 919 | C14: 01 | D14: 02 | E14: 65 | F14: 1 | G14: 00 | H14: 41150 | I14: 120 | J14: 558.1 | K14: 600.6 | L14: 546.4
A15: Субсидии на со финансирование расходных обязательств по финансовому обеспечению деятельности органов местного самоуправления и муниципальных учреждений | B15: 919 | C15: 01 | D15: 02 | E15: 65 | F15: 1 | G15: 00 | H15: 44205 | J15: =J16 -> 93.8 | K15: =K16 -> 0 | L15: =L16 -> 0
A16: =A13 -> Расходы на выплаты персоналу в целях обеспечения выполнения функций государственными (муниципальными) органами, казенными учреждениями, органами управления государственными внебюджетными фондами | B16: 919 | C16: 01 | D16: 02 | E16: 65 | F16: 1 | G16: 00 | H16: 44205 | I16: 100 | J16: =J17 -> 93.8 | K16: =K17 -> 0 | L16: =L17 -> 0
A17: =A14 -> Расходы на выплаты персоналу государственных (муниципальных) органов | B17: 919 | C17: 01 | D17: 02 | E17: 65 | F17: 1 | G17: 00 | H17: 44205 | I17: 120 | J17: 93.8 | K17: 0 | L17: 0
A18: Функционирование Правительства Российской Федерации, высших исполнительных органов субъектов Российской Федерации, местных администраций | B18: 919 | C18: 01 | D18: 04 | J18: =J19+J29 -> 866.2 | K18: =K19+K29 -> 471.1 | L18: =L19+L29 -> 522.5
A19: =A10 -> Обеспечение деятельности Администрации Набережного сельского поселения Ромодановского муниципального района Республики Мордовия | B19: 919 | C19: 01 | D19: 04 | E19: 65 | J19: =J20 -> 865.7 | K19: =K20 -> 470.6 | L19: =L20 -> 522
A20: Расходы в рамках обеспечения деятельности администрации Набережного сельского поселения | B20: 919 | C20: 01 | D20: 04 | E20: 65 | F20: 2 | J20: =J21+J24 -> 865.7 | K20: =K21+K24 -> 470.6 | L20: =L21+L24 -> 522
A21: Расходы на выплаты по оплате труда работников органов местного самоуправления | B21: 919 | C21: 01 | D21: 04 | E21: 65 | F21: 2 | G21: 00 | H21: 41110 | J21: =J22 -> 260.4 | K21: =K22 -> 260.4 | L21: =L22 -> 260.4
A22: Расходы на выплаты персоналу в целях обеспечения выполнения функций государственными (муниципальными) органами, казенными учреждениями, органами управления государственными внебюджетными фондами | B22: 919 | C22: 01 | D22: 04 | E22: 65 | F22: 2 | G22: 00 | H22: 41110 | I22: 100 | J22: =J23 -> 260.4 | K22: =K23 -> 260.4 | L22: =L23 -> 260.4
A23: Расходы на выплаты персоналу государственных (муниципальных) органов | B23: 919 | C23: 01 | D23: 04 | E23: 65 | F23: 2 | G23: 00 | H23: 41110 | I23: 120 | J23: 260.4 | K23: 260.4 | L23: 260.4
A24: Расходы на обеспечение выполнения функций органов местного самоуправления | B24: 919 | C24: 01 | D24: 04 | E24: 65 | F24: 2 | G24: 00 | H24: 41120 | J24: =J25+J27 -> 605.3 | K24: =K25+K27 -> 210.2 | L24: =L25+L27 -> 261.6
A25: Закупка товаров, работ и услуг для обеспечения государственных (муниципальных) нужд | B25: 919 | C25: 01 | D25: 04 | E25: 65 | F25: 2 | G25: 00 | H25: 41120 | I25: 200 | J25: =J26 -> 603.3 | K25: =K26 -> 208.2 | L25: =L26 -> 259.6
A26: Иные закупки товаров, работ и услуг для обеспечения государственных (муниципальных) нужд | B26: 919 | C26: 01 | D26: 04 | E26: 65 | F26: 2 | G26: 00 | H26: 41120 | I26: 240 | J26: 603.3 | K26: 208.2 | L26: 259.6
A27: Иные бюджетные ассигнования | B27: 919 | C27: 01 | D27: 04 | E27: 65 | F27: 2 | G27: 00 | H27: 41120 | I27: 800 | J27: =J28 -> 2 | K27: =K28 -> 2 | L27: =L28 -> 2
A28: Уплата налогов, сборов и иных платежей | B28: 919 | C28: 01 | D28: 04 | E28: 65 | F28: 2 | G28: 00 | H28: 41120 | I28: 850 | J28: 2 | K28: 2 | L28: 2
A29: Непрограммные расходы главных распорядителей средств бюджета Набережного сельского поселения Ромодановского муниципального района Республики Мордовия | B29: 919 | C29: 01 | D29: 04 | E29: 89 | J29: =J30 -> 0.5 | K29: =K30 -> 0.5 | L29: =L30 -> 0.5
A30: Непрограммные расходы в рамках обеспечения деятельности главных распорядителей средств бюджета Набережного сельского поселения Ромодановского муниципального района Республики Мордовия | B30: 919 | C30: 01 | D30: 04 | E30: 89 | F30: 1 | J30: =J31 -> 0.5 | K30: =K31 -> 0.5 | L30: =L31 -> 0.5
A31: Осуществление государственных полномочий Республики Мордовия по определению перечня должностных лиц, уполномоченных составлять протоколы об административных правонарушениях, предусмотренных Законом Республики Мордовия от 15 июня 2015 года № 38-З "Об административной ответственности на территории Республики Мордовия" | B31: 919 | C31: 01 | D31: 04 | E31: 89 | F31: 1 | G31: 00 | H31: 77150 | J31: =J32 -> 0.5 | K31: =K32 -> 0.5 | L31: =L32 -> 0.5
A32: Закупка товаров, работ и услуг для обеспечения государственных (муниципальных) нужд | B32: 919 | C32: 01 | D32: 04 | E32: 89 | F32: 1 | G32: 00 | H32: 77150 | I32: 200 | J32: =J33 -> 0.5 | K32: =K33 -> 0.5 | L32: =L33 -> 0.5
A33: Иные закупки товаров, работ и услуг для обеспечения государственных (муниципальных) нужд | B33: 919 | C33: 01 | D33: 04 | E33: 89 | F33: 1 | G33: 00 | H33: 77150 | I33: 240 | J33: 0.5 | K33: 0.5 | L33: 0.5
A34: Резервные фонды | B34: 919 | C34: 01 | D34: 11 | J34: =J35 -> 5 | K34: =K35 -> 5 | L34: =L35 -> 5
A35: Непрограммные расходы главных распорядителей средств бюджета Набережного сельского поселения Ромодановского муниципального района Республики Мордовия | B35: 919 | C35: 01 | D35: 11 | E35: 89 | J35: =J36 -> 5 | K35: =K36 -> 5 | L35: =L36 -> 5
A36: Непрограммные расходы в рамках обеспечения деятельности главных распорядителей средств бюджетав Набережного сельского поселения Ромодановского муниципального района Республики Мордовия | B36: 919 | C36: 01 | D36: 11 | E36: 89 | F36: 1 | J36: =J37 -> 5 | K36: =K37 -> 5 | L36: =L37 -> 5
A37: Резервный фонд администрации Набережного сельского поселения Ромодановского муниципального района Республики Мордовия | B37: 919 | C37: 01 | D37: 11 | E37: 89 | F37: 1 | G37: 00 | H37: 41180 | J37: =J39 -> 5 | K37: =K39 -> 5 | L37: =L39 -> 5
A38: Иные бюджетные ассигнования | B38: 919 | C38: 01 | D38: 11 | E38: 89 | F38: 1 | G38: 00 | H38: 41180 | I38: 800 | J38: =J39 -> 5 | K38: =K39 -> 5 | L38: =L39 -> 5
A39: Резервные средства | B39: 919 | C39: 01 | D39: 11 | E39: 89 | F39: 1 | G39: 00 | H39: 41180 | I39: 870 | J39: 5 | K39: 5 | L39: 5
A40: Другие общегосударственные вопросы | B40: 919 | C40: 01 | D40: 13 | J40: =J41 -> 42
A41: =A35 -> Непрограммные расходы главных распорядителей средств бюджета Набережного сельского поселения Ромодановского муниципального района Республики Мордовия | B41: 919 | C41: 01 | D41: 13 | E41: 89 | J41: =J42 -> 42
A42: =A36 -> Непрограммные расходы в рамках обеспечения деятельности главных распорядителей средств бюджетав Набережного сельского поселения Ромодановского муниципального района Республики Мордовия | B42: 919 | C42: 01 | D42: 13 | E42: 89 | F42: 1 | J42: =J43+J46 -> 42
A43: Мероприятия, связанные с муниципальным управлением | B43: 919 | C43: 01 | D43: 13 | E43: 89 | F43: 1 | G43: 00 | H43: 41210 | J43: =J44 -> 12
A44: =A38 -> Иные бюджетные ассигнования | B44: 919 | C44: 01 | D44: 13 | E44: 89 | F44: 1 | G44: 00 | H44: 41210 | I44: 800 | J44: =J45 -> 12
A45: =A28 -> Уплата налогов, сборов и иных платежей | B45: 919 | C45: 01 | D45: 13 | E45: 89 | F45: 1 | G45: 00 | H45: 41210 | I45: 850 | J45: 12
A46: Исполнение судебных актов,предусматривающих обращение взыскания на средства бюджета Набережного сельского поселения Ромодановского муниципального района Республики Мордовия | B46: 919 | C46: 01 | D46: 13 | E46: 89 | F46: 1 | G46: 00 | H46: 41220 | J46: =J47 -> 30
A47: =A44 -> Иные бюджетные ассигнования | B47: 919 | C47: 01 | D47: 13 | E47: 89 | F47: 1 | G47: 00 | H47: 41220 | I47: 800 | J47: =J48 -> 30
A48: =A45 -> Уплата налогов, сборов и иных платежей | B48: 919 | C48: 01 | D48: 13 | E48: 89 | F48: 1 | G48: 00 | H48: 41220 | I48: 850 | J48: 30
A49: Национальная оборона | B49: 919 | C49: 02 | J49: =J50 -> 159 | K49: =K50 -> 173.9 | L49: =L50 -> 180.2
A50: Мобилизационная и вневойсковая подготовка | B50: 919 | C50: 02 | D50: 03 | J50: =J51 -> 159 | K50: =K51 -> 173.9 | L50: =L51 -> 180.2
A51: =A35 -> Непрограммные расходы главных распорядителей средств бюджета Набережного сельского поселения Ромодановского муниципального района Республики Мордовия | B51: 919 | C51: 02 | D51: 03 | E51: 89 | J51: =J52 -> 159 | K51: =K52 -> 173.9 | L51: =L52 -> 180.2
A52: =A36 -> Непрограммные расходы в рамках обеспечения деятельности главных распорядителей средств бюджетав Набережного сельского поселения Ромодановского муниципального района Республики Мордовия | B52: 919 | C52: 02 | D52: 03 | E52: 89 | F52: 1 | J52: =J53 -> 159 | K52: =K53 -> 173.9 | L52: =L53 -> 180.2
A53: Осуществление государственных полномочий Российской Федерации по воинскому учету в поселениях, на территориях которых отсутствуют структурные подразделения военных комиссариатов | B53: 919 | C53: 02 | D53: 03 | E53: 89 | F53: 1 | G53: 00 | H53: 51180 | J53: =J56+J54 -> 159 | K53: =K56+K54 -> 173.9 | L53: =L56+L54 -> 180.2
A54: Расходы на выплаты персоналу в целях обеспечения выполнения функций государственными (муниципальными) органами, казенными учреждениями, органами управления государственными внебюджетными фондами | B54: 919 | C54: 02 | D54: 03 | E54: 89 | F54: 1 | G54: 00 | H54: 51180 | I54: 100 | J54: =J55 -> 156 | K54: =K55 -> 169.9 | L54: =L55 -> 176.2
A55: Расходы на выплаты персоналу государственных (муниципальных) органов | B55: 919 | C55: 02 | D55: 03 | E55: 89 | F55: 1 | G55: 00 | H55: 51180 | I55: 120 | J55: 156 | K55: 169.9 | L55: 176.2
A56: Закупка товаров, работ и услуг для обеспечения государственных (муниципальных) нужд | B56: 919 | C56: 02 | D56: 03 | E56: 89 | F56: 1 | G56: 00 | H56: 51180 | I56: 200 | J56: =J57 -> 3 | K56: =K57 -> 4 | L56: =L57 -> 4
A57: Иные закупки товаров, работ и услуг для обеспечения государственных (муниципальных) нужд | B57: 919 | C57: 02 | D57: 03 | E57: 89 | F57: 1 | G57: 00 | H57: 51180 | I57: 240 | J57: 3 | K57: 4 | L57: 4
A58: Национальная экономика | B58: 919 | C58: 04 | J58: =J59 -> 335 | K58: =K59 -> 355 | L58: =L59 -> 369
A59: Дорожное хозяйство (дорожные фонды) | B59: 919 | C59: 04 | D59: 09 | J59: =J60 -> 335 | K59: =K60 -> 355 | L59: =L60 -> 369
A60: Муниципальная программа «Комплексного развития транспортной инфраструктуры Набережного сельского поселения Ромодановского муниципального района Республики Мордовия на 2018- 2028 года" | B60: 919 | C60: 04 | D60: 09 | E60: 13 | J60: =J62 -> 335 | K60: =K62 -> 355 | L60: =L61 -> 369
A61: Основное мероприятие "Содействие развитию систем автомобильных дорог общего пользования,регионального и или межмуниципального,а так же местного значения" | B61: 919 | C61: 04 | D61: 09 | E61: 13 | F61: 0 | G61: 01 | J61: =J62 -> 335 | K61: =K62 -> 355 | L61: =L62 -> 369
A62: Иные межбюджетные трансферты на осуществление полномочий по дорожной деятельности в отношении автомобильных дорог местного значения в границах населенных пунктов поселения и обеспечению безопасности дорожного движения на них, включая создание и обеспечение функционирования парковок (парковочных мест), осуществлению муниципального контроля на автомобильном транспорте, городском наземном электрическом транспорте и в дорожном хозяйстве в границах населенных пунктов поселения, организации дорожного движения, а также осуществлению иных полномочий в области использования автомобильных дорог и осуществления дорожной деятельности в соответствии с законодательством Российской Федерации | B62: 919 | C62: 04 | D62: 09 | E62: 13 | F62: 0 | G62: 01 | H62: 9Д184 | J62: =J63 -> 335 | K62: =K63 -> 355 | L62: =L63 -> 369
A63: Закупка товаров, работ и услуг для обеспечения государственных (муниципальных) нужд | B63: 919 | C63: 04 | D63: 09 | E63: 13 | F63: 0 | G63: 01 | H63: 9Д184 | I63: 200 | J63: =J64 -> 335 | K63: =K64 -> 355 | L63: =L64 -> 369
A64: Иные закупки товаров, работ и услуг для обеспечения государственных (муниципальных) нужд | B64: 919 | C64: 04 | D64: 09 | E64: 13 | F64: 0 | G64: 01 | H64: 9Д184 | I64: 240 | J64: 335 | K64: 355 | L64: 369
A65: Жилищно-коммунальное хозяйство | B65: 919 | C65: 05 | J65: =J66 -> 2700.7 | K65: =K66 -> 176.9 | L65: =L66 -> 156.7
A66: Благоустройство | B66: 919 | C66: 05 | D66: 03 | J66: =J67+J76 -> 2700.7 | K66: =K67 -> 176.9 | L66: =L67 -> 156.7
A67: Муниципальная программа "Комплексного развития социальной инфраструктуры Набережного сельского поселения Ромодановского муниципального района Республики Мордовия на 2018-2028 года" | B67: 919 | C67: 05 | D67: 03 | E67: 10 | J67: =J72+J68 -> 465.7 | K67: =K72+K68 -> 176.9 | L67: =L68+L72 -> 156.7
A68: Основное мероприятие "Благоустройство территории " | B68: 919 | C68: 05 | D68: 03 | E68: 10 | F68: 0 | G68: 07 | J68: =J69 -> 139.1 | K68: =K69 -> 0 | L68: =L69 -> 0
A69: Прочие мероприятия по благоустройству | B69: 919 | C69: 05 | D69: 03 | E69: 10 | F69: 0 | G69: 07 | H69: 43040 | J69: =J70 -> 139.1 | K69: =K70 -> 0 | L69: =L70 -> 0
A70: =A74 -> Закупка товаров, работ и услуг для обеспечения государственных (муниципальных) нужд | B70: 919 | C70: 05 | D70: 03 | E70: 10 | F70: 0 | G70: 07 | H70: 43040 | I70: 200 | J70: =J71 -> 139.1 | K70: =K71 -> 0 | L70: =L71 -> 0
A71: =A75 -> Иные закупки товаров, работ и услуг для обеспечения государственных (муниципальных) нужд | B71: 919 | C71: 05 | D71: 03 | E71: 10 | F71: 0 | G71: 07 | H71: 43040 | I71: 240 | J71: 139.1 | K71: 0 | L71: 0
A72: Основное мероприятия "Освещение территории сельского поселения" | B72: 919 | C72: 05 | D72: 03 | E72: 10 | F72: 0 | G72: 08 | J72: =J73 -> 326.6 | K72: =K73 -> 176.9 | L72: =L73 -> 156.7
A73: Уличное освещение | B73: 919 | C73: 05 | D73: 03 | E73: 10 | F73: 0 | G73: 08 | H73: 43010 | J73: =J74 -> 326.6 | K73: =K74 -> 176.9 | L73: =L74 -> 156.7
A74: Закупка товаров, работ и услуг для обеспечения государственных (муниципальных) нужд | B74: 919 | C74: 05 | D74: 03 | E74: 10 | F74: 0 | G74: 08 | H74: 43010 | I74: 200 | J74: =J75 -> 326.6 | K74: =K75 -> 176.9 | L74: =L75 -> 156.7
A75: Иные закупки товаров, работ и услуг для обеспечения государственных (муниципальных) нужд | B75: 919 | C75: 05 | D75: 03 | E75: 10 | F75: 0 | G75: 08 | H75: 43010 | I75: 240 | J75: 326.6 | K75: 176.9 | L75: 156.7
A76: =A51 -> Непрограммные расходы главных распорядителей средств бюджета Набережного сельского поселения Ромодановского муниципального района Республики Мордовия | B76: 919 | C76: 05 | D76: 03 | E76: 89 | J76: =J77+J81 -> 2235
A77: =A36 -> Непрограммные расходы в рамках обеспечения деятельности главных распорядителей средств бюджетав Набережного сельского поселения Ромодановского муниципального района Республики Мордовия | B77: 919 | C77: 05 | D77: 03 | E77: 89 | F77: 1 | J77: =J78 -> 447
A78: Организация и содержание мест захоронения | B78: 919 | C78: 05 | D78: 03 | E78: 89 | F78: 1 | G78: 00 | H78: 43030 | J78: =J79 -> 447
A79: =A74 -> Закупка товаров, работ и услуг для обеспечения государственных (муниципальных) нужд | B79: 919 | C79: 05 | D79: 03 | E79: 89 | F79: 1 | G79: 00 | H79: 43030 | I79: 200 | J79: =J80 -> 447
A80: =A75 -> Иные закупки товаров, работ и услуг для обеспечения государственных (муниципальных) нужд | B80: 919 | C80: 05 | D80: 03 | E80: 89 | F80: 1 | G80: 00 | H80: 43030 | I80: 240 | J80: 447
A81: Решение вопросов местного значения,осуществляемое с провлечением средств самообложения граждан | B81: 919 | C81: 05 | D81: 03 | E81: 89 | F81: 1 | G81: 00 | H81: 78090 | J81: =J82 -> 1788
A82: =A79 -> Закупка товаров, работ и услуг для обеспечения государственных (муниципальных) нужд | B82: 919 | C82: 05 | D82: 03 | E82: 89 | F82: 1 | G82: 00 | H82: 78090 | I82: 200 | J82: =J83 -> 1788
A83: =A80 -> Иные закупки товаров, работ и услуг для обеспечения государственных (муниципальных) нужд | B83: 919 | C83: 05 | D83: 03 | E83: 89 | F83: 1 | G83: 00 | H83: 78090 | I83: 240 | J83: 1788
A84: Социальная политика | B84: 919 | C84: 10 | J84: =J85 -> 263.2 | K84: =K85 -> 230.7 | L84: =L85 -> 230.7
A85: Пенсионное обеспечение | B85: 919 | C85: 10 | D85: 01 | J85: =J86 -> 263.2 | K85: =K86 -> 230.7 | L85: =L86 -> 230.7
A86: Непрограммные расходы главных распорядителей средств бюджета Набережного сельского поселения Ромодановского муниципального района Республики Мордовия | B86: 919 | C86: 10 | D86: 01 | E86: 89 | J86: =J87 -> 263.2 | K86: =K87 -> 230.7 | L86: =L87 -> 230.7
A87: Непрограммные расходы в рамках обеспечения деятельности главных распорядителей средств бюджета Набережного сельского поселения Ромодановского муниципального района Республики Мордовия | B87: 919 | C87: 10 | D87: 01 | E87: 89 | F87: 1 | J87: =J88 -> 263.2 | K87: =K88 -> 230.7 | L87: =L88 -> 230.7
A88: Доплаты к пенсиям муниципальных служащих Республики Мордовия | B88: 919 | C88: 10 | D88: 01 | E88: 89 | F88: 1 | G88: 00 | H88: 03010 | J88: =J89 -> 263.2 | K88: =K89 -> 230.7 | L88: =L89 -> 230.7
A89: Социальное обеспечение и иные выплаты населению | B89: 919 | C89: 10 | D89: 01 | E89: 89 | F89: 1 | G89: 00 | H89: 03010 | I89: 300 | J89: =J90 -> 263.2 | K89: =K90 -> 230.7 | L89: =L90 -> 230.7
A90: Публичные нормативные социальные выплаты гражданам | B90: 919 | C90: 10 | D90: 01 | E90: 89 | F90: 1 | G90: 00 | H90: 03010 | I90: 310 | J90: 263.2 | K90: 230.7 | L90: 230.7
A91: Обслуживание государственного (муниципального)долга | B91: 919 | C91: 13 | J91: =J92 -> 3 | K91: =K92 -> 2.9 | L91: =L92 -> 2.8
A92: Обслуживание государственного (муниципального)внутреннего долга | B92: 919 | C92: 13 | D92: 01 | J92: =J93 -> 3 | K92: =K93 -> 2.9 | L92: =L93 -> 2.8
A93: =A86 -> Непрограммные расходы главных распорядителей средств бюджета Набережного сельского поселения Ромодановского муниципального района Республики Мордовия | B93: 919 | C93: 13 | D93: 01 | E93: 89 | J93: =J94 -> 3 | K93: =K94 -> 2.9 | L93: =L94 -> 2.8
A94: =A87 -> Непрограммные расходы в рамках обеспечения деятельности главных распорядителей средств бюджета Набережного сельского поселения Ромодановского муниципального района Республики Мордовия | B94: 919 | C94: 13 | D94: 01 | E94: 89 | F94: 1 | J94: =J95 -> 3 | K94: =K95 -> 2.9 | L94: =L95 -> 2.8
A95: Процентные платежи по муниципальному долгу | B95: 919 | C95: 13 | D95: 01 | E95: 89 | F95: 1 | G95: 00 | H95: 41240 | J95: =J96 -> 3 | K95: =K96 -> 2.9 | L95: =L96 -> 2.8
A96: обслуживание государственного (муниципального)долга | B96: 919 | C96: 13 | D96: 01 | E96: 89 | F96: 1 | G96: 00 | H96: 41240 | I96: 700 | J96: =J97 -> 3 | K96: =K97 -> 2.9 | L96: =L97 -> 2.8
A97: Обслуживание муниципального долга | B97: 919 | C97: 13 | D97: 01 | E97: 89 | F97: 1 | G97: 00 | H97: 41240 | I97: 730 | J97: 3 | K97: 2.9 | L97: 2.8
A98: Условно утвержденные расходы | B98: 919 | C98: 99 | J98: =J99 -> 0 | K98: =K99 -> 50.4 | L98: =L99 -> 104.6
A99: Условно утвержденные расходы | B99: 919 | C99: 99 | D99: 99 | J99: =J100 -> 0 | K99: =K100 -> 50.4 | L99: =L100 -> 104.6
A100: =A10 -> Обеспечение деятельности Администрации Набережного сельского поселения Ромодановского муниципального района Республики Мордовия | B100: 919 | C100: 99 | D100: 99 | E100: 65 | J100: =J101 -> 0 | K100: =K101 -> 50.4 | L100: =L101 -> 104.6
...

Sheet Приложение 3
H1: Приложение 3 к решению Совета депутатов Набережного сельского поселения Ромодановского муниципального района Республики Мордовия «О внесении изменений в решение Совета депутатов Набережного сельского поселения Ромодановского муниципального района Республики Мордовия от 26 декабря 2024 г № 19 «О бюджете Набережного сельского поселения Ромодановского муниципального района Республики Мордовия на 2025 год и на плановый период 2026 и 2027 годов» Приложение 4 к решению Совета депутатов Набережного сельского поселения Ромодановского муниципального района Республики Мордовия «О бюджете Набережного сельского поселения Ромодановского муниципального района Республики Мордовия на 2025 год и на плановый период 2026 и 2027 годов»
A2: РАСПРЕДЕЛЕНИЕ БЮДЖЕТНЫХ АССИГНОВАНИЙ БЮДЖЕТА НАБЕРЕЖНОГО СЕЛЬСКОГО ПОСЕЛЕНИЯ РОМОДАНОВСКОГО МУНИЦИПАЛЬНОГО РАЙОНА РЕСПУБЛИКИ МОРДОВИЯ ПО РАЗДЕЛАМ, ПОДРАЗДЕЛАМ, ЦЕЛЕВЫМ СТАТЬЯМ (МУНИЦИПАЛЬНЫМ ПРОГРАММАМ И НЕПРОГРАММНЫМ НАПРАВЛЕНИЯМ ДЕЯТЕЛЬНОСТИ), ГРУППАМ И ПОДГРУППАМ ВИДОВ РАСХОДОВ КЛАССИФИКАЦИИ РАСХОДОВ БЮДЖЕТОВ НА 2025 ГОД И НА ПЛАНОВЫЙ ПЕРИОД2026 И 2027 ГОДОВ
H3: (тыс. рублей)
A4: Наименование | B4: Рз | C4: Прз | D4: Цср | H4: Вр | I4: Сумма
I5: 2025 год | J5: 2026 год | K5: 2027 год
A6: 1 | B6: 2 | C6: 3 | D6: 4 | E6: 5 | F6: 6 | G6: 7 | H6: 8 | I6: 9 | J6: 10 | K6: 11
A7: ВСЕГО | I7: =I8+I49+I58+I65+I84+I91 -> 5026 | J7: =J8+J49+J58+J65+J84+J98+J91 -> 2066.5 | K7: =K8+K49+K58+K65+K84+K98+K91 -> 2117.9
A8: Общегосударственные вопросы | B8: 01 | I8: =I9+I18+I34+I40 -> 1565.1 | J8: =J9+J18+J34 -> 1076.7 | K8: =K9+K18+K34 -> 1073.9
A9: Функционирование высшего должностного лица субъекта Российской Федерации и муниципального образования | B9: 01 | C9: 02 | I9: =I10 -> 651.9 | J9: =J10 -> 600.6 | K9: =K10 -> 546.4
A10: ='Приложение 2'!A10 -> Обеспечение деятельности Администрации Набережного сельского поселения Ромодановского муниципального района Республики Мордовия | B10: 01 | C10: 02 | D10: 65 | I10: =I11 -> 651.9 | J10: =J11 -> 600.6 | K10: =K11 -> 546.4
A11: Высшее должностное лицо | B11: 01 | C11: 02 | D11: 65 | E11: 1 | I11: =I12+I15 -> 651.9 | J11: =J12 -> 600.6 | K11: =K12 -> 546.4
A12: Расходы на выплаты по оплате труда высшего должностного лица | B12: 01 | C12: 02 | D12: 65 | E12: 1 | F12: 00 | G12: 41150 | I12: =I13 -> 558.1 | J12: =J13 -> 600.6 | K12: =K13 -> 546.4
A13: Расходы на выплаты персоналу в целях обеспечения выполнения функций государственными (муниципальными) органами, казенными учреждениями, органами управления государственными внебюджетными фондами | B13: 01 | C13: 02 | D13: 65 | E13: 1 | F13: 00 | G13: 41150 | H13: 100 | I13: =I14 -> 558.1 | J13: =J14 -> 600.6 | K13: =K14 -> 546.4
A14: Расходы на выплаты персоналу государственных (муниципальных) органов | B14: 01 | C14: 02 | D14: 65 | E14: 1 | F14: 00 | G14: 41150 | H14: 120 | I14: ='Приложение 2'!J14 -> 558.1 | J14: ='Приложение 2'!K14 -> 600.6 | K14: ='Приложение 2'!L14 -> 546.4
A15: ='Приложение 2'!A15 -> Субсидии на со финансирование расходных обязательств по финансовому обеспечению деятельности органов местного самоуправления и муниципальных учреждений | B15: 01 | C15: 02 | D15: 65 | E15: 1 | F15: 00 | G15: 44205 | I15: =I16 -> 93.8
A16: ='Приложение 2'!A13 -> Расходы на выплаты персоналу в целях обеспечения выполнения функций государственными (муниципальными) органами, казенными учреждениями, органами управления государственными внебюджетными фондами | B16: 01 | C16: 02 | D16: 65 | E16: 1 | F16: 00 | G16: 44205 | H16: 100 | I16: =I17 -> 93.8
A17: ='Приложение 2'!A17 -> Расходы на выплаты персоналу государственных (муниципальных) органов | B17: 01 | C17: 02 | D17: 65 | E17: 1 | F17: 00 | G17: 44205 | H17: 120 | I17: ='Приложение 2'!J17 -> 93.8
A18: ='Приложение 2'!A18 -> Функционирование Правительства Российской Федерации, высших исполнительных органов субъектов Российской Федерации, местных администраций | B18: 01 | C18: 04 | I18: =I19+I29 -> 866.2 | J18: =J19+J29 -> 471.1 | K18: =K19+K29 -> 522.5
A19: ='Приложение 2'!A19 -> Обеспечение деятельности Администрации Набережного сельского поселения Ромодановского муниципального района Республики Мордовия | B19: 01 | C19: 04 | D19: 65 | I19: =I20 -> 865.7 | J19: =J20 -> 470.6 | K19: =K20 -> 522
A20: ='Приложение 2'!A20 -> Расходы в рамках обеспечения деятельности администрации Набережного сельского поселения | B20: 01 | C20: 04 | D20: 65 | E20: 2 | I20: =I21+I24 -> 865.7 | J20: =J21+J24 -> 470.6 | K20: =K21+K24 -> 522
A21: Расходы на выплаты по оплате труда работников органов местного самоуправления | B21: 01 | C21: 04 | D21: 65 | E21: 2 | F21: 00 | G21: 41110 | I21: =I22 -> 260.4 | J21: =J22 -> 260.4 | K21: =K22 -> 260.4
A22: Расходы на выплаты персоналу в целях обеспечения выполнения функций государственными (муниципальными) органами, казенными учреждениями, органами управления государственными внебюджетными фондами | B22: 01 | C22: 04 | D22: 65 | E22: 2 | F22: 00 | G22: 41110 | H22: 100 | I22: =I23 -> 260.4 | J22: =J23 -> 260.4 | K22: =K23 -> 260.4
A23: Расходы на выплаты персоналу государственных (муниципальных) органов | B23: 01 | C23: 04 | D23: 65 | E23: 2 | F23: 00 | G23: 41110 | H23: 120 | I23: ='Приложение 2'!J23 -> 260.4 | J23: ='Приложение 2'!K23 -> 260.4 | K23: ='Приложение 2'!L23 -> 260.4
A24: ='Приложение 2'!A24 -> Расходы на обеспечение выполнения функций органов местного самоуправления | B24: 01 | C24: 04 | D24: 65 | E24: 2 | F24: 00 | G24: 41120 | I24: =+I25+I27 -> 605.3 | J24: =+J25+J27 -> 210.2 | K24: =+K25+K27 -> 261.6
A25: Закупка товаров, работ и услуг для обеспечения государственных (муниципальных) нужд | B25: 01 | C25: 04 | D25: 65 | E25: 2 | F25: 00 | G25: 41120 | H25: 200 | I25: =I26 -> 603.3 | J25: =J26 -> 208.2 | K25: =K26 -> 259.6
A26: Иные закупки товаров, работ и услуг для обеспечения государственных (муниципальных) нужд | B26: 01 | C26: 04 | D26: 65 | E26: 2 | F26: 00 | G26: 41120 | H26: 240 | I26: ='Приложение 2'!J26 -> 603.3 | J26: ='Приложение 2'!K26 -> 208.2 | K26: ='Приложение 2'!L26 -> 259.6
A27: Иные бюджетные ассигнования | B27: 01 | C27: 04 | D27: 65 | E27: 2 | F27: 00 | G27: 41120 | H27: 800 | I27: =I28 -> 2 | J27: =J28 -> 2 | K27: =K28 -> 2
A28: Уплата налогов, сборов и иных платежей | B28: 01 | C28: 04 | D28: 65 | E28: 2 | F28: 00 | G28: 41120 | H28: 850 | I28: ='Приложение 2'!J28 -> 2 | J28: ='Приложение 2'!K28 -> 2 | K28: ='Приложение 2'!L28 -> 2
A29: Непрограммные расходы главных распорядителей средств бюджета Набережного сельского поселения Ромодановского муниципального района Республики Мордовия | B29: 01 | C29: 04 | D29: 89 | I29: =I30 -> 0.5 | J29: =J30 -> 0.5 | K29: =K30 -> 0.5
A30: Непрограммные расходы в рамках обеспечения деятельности главных распорядителей средств бюджета Набережного сельского поселения Ромодановского муниципального района Республики Мордовия | B30: 01 | C30: 04 | D30: 89 | E30: 1 | I30: =I31 -> 0.5 | J30: =J31 -> 0.5 | K30: =K31 -> 0.5
A31: Осуществление государственных полномочий Республики Мордовия по определению перечня должностных лиц, уполномоченных составлять протоколы об административных правонарушениях, предусмотренных Законом Республики Мордовия от 15 июня 2015 года № 38-З "Об административной ответственности на территории Республики Мордовия" | B31: 01 | C31: 04 | D31: 89 | E31: 1 | F31: 00 | G31: 77150 | I31: =I32 -> 0.5 | J31: =J32 -> 0.5 | K31: =K32 -> 0.5
A32: Закупка товаров, работ и услуг для обеспечения государственных (муниципальных) нужд | B32: 01 | C32: 04 | D32: 89 | E32: 1 | F32: 00 | G32: 77150 | H32: 200 | I32: =I33 -> 0.5 | J32: =J33 -> 0.5 | K32: =K33 -> 0.5
A33: Иные закупки товаров, работ и услуг для обеспечения государственных (муниципальных) нужд | B33: 01 | C33: 04 | D33: 89 | E33: 1 | F33: 00 | G33: 77150 | H33: 240 | I33: ='Приложение 2'!J33 -> 0.5 | J33: ='Приложение 2'!K33 -> 0.5 | K33: ='Приложение 2'!L33 -> 0.5
A34: Резервные фонды | B34: 01 | C34: 11 | I34: =I35 -> 5 | J34: =J35 -> 5 | K34: =K35 -> 5
A35: Непрограммные расходы главных распорядителей средств бюджета Набережного сельского поселения Ромодановского муниципального района Республики Мордовия | B35: 01 | C35: 11 | D35: 89 | I35: =I36 -> 5 | J35: =J36 -> 5 | K35: =K36 -> 5
A36: Непрограммные расходы в рамках обеспечения деятельности главных распорядителей средств бюджета Набережного сельского поселения Ромодановского муниципального района Республики Мордовия | B36: 01 | C36: 11 | D36: 89 | E36: 1 | I36: =I37 -> 5 | J36: =J37 -> 5 | K36: =K37 -> 5
A37: ='Приложение 2'!A37 -> Резервный фонд администрации Набережного сельского поселения Ромодановского муниципального района Республики Мордовия | B37: 01 | C37: 11 | D37: 89 | E37: 1 | F37: 00 | G37: 41180 | I37: =I39 -> 5 | J37: =J39 -> 5 | K37: =K39 -> 5
A38: Иные бюджетные ассигнования | B38: 01 | C38: 11 | D38: 89 | E38: 1 | F38: 00 | G38: 41180 | H38: 800 | I38: =I39 -> 5 | J38: =J39 -> 5 | K38: =K39 -> 5
A39: Резервные средства | B39: 01 | C39: 11 | D39: 89 | E39: 1 | F39: 00 | G39: 41180 | H39: 870 | I39: ='Приложение 2'!J39 -> 5 | J39: ='Приложение 2'!K39 -> 5 | K39: ='Приложение 2'!L39 -> 5
A40: ='Приложение 2'!A40 -> Другие общегосударственные вопросы | B40: 01 | C40: 13 | I40: =I41 -> 42
A41: ='Приложение 2'!A41 -> Непрограммные расходы главных распорядителей средств бюджета Набережного сельского поселения Ромодановского муниципального района Республики Мордовия | B41: 01 | C41: 13 | D41: 89 | I41: =I42 -> 42
A42: ='Приложение 2'!A42 -> Непрограммные расходы в рамках обеспечения деятельности главных распорядителей средств бюджетав Набережного сельского поселения Ромодановского муниципального района Республики Мордовия | B42: 01 | C42: 13 | D42: 89 | E42: 1 | I42: =I43+I46 -> 42
A43: ='Приложение 2'!A43 -> Мероприятия, связанные с муниципальным управлением | B43: 01 | C43: 13 | D43: 89 | E43: 1 | F43: 00 | G43: 41210 | I43: =I44 -> 12
A44: ='Приложение 2'!A44 -> Иные бюджетные ассигнования | B44: 01 | C44: 13 | D44: 89 | E44: 1 | F44: 00 | G44: 41210 | H44: 800 | I44: =I45 -> 12
A45: ='Приложение 2'!A45 -> Уплата налогов, сборов и иных платежей | B45: 01 | C45: 13 | D45: 89 | E45: 1 | F45: 00 | G45: 41210 | H45: 850 | I45: ='Приложение 2'!J45 -> 12
A46: ='Приложение 2'!A43 -> Мероприятия, связанные с муниципальным управлением | B46: 01 | C46: 13 | D46: 89 | E46: 1 | F46: 00 | G46: 41220 | I46: =I47 -> 30
A47: ='Приложение 2'!A44 -> Иные бюджетные ассигнования | B47: 01 | C47: 13 | D47: 89 | E47: 1 | F47: 00 | G47: 41220 | H47: 800 | I47: =I48 -> 30
A48: ='Приложение 2'!A45 -> Уплата налогов, сборов и иных платежей | B48: 01 | C48: 13 | D48: 89 | E48: 1 | F48: 00 | G48: 41220 | H48: 850 | I48: ='Приложение 2'!J48 -> 30
A49: Национальная оборона | B49: 02 | I49: =I50 -> 159 | J49: =J50 -> 173.9 | K49: =K50 -> 180.2
A50: Мобилизационная и вневойсковая подготовка | B50: 02 | C50: 03 | I50: =I51 -> 159 | J50: =J51 -> 173.9 | K50: =K51 -> 180.2
A51: ='Приложение 2'!A51 -> Непрограммные расходы главных распорядителей средств бюджета Набережного сельского поселения Ромодановского муниципального района Республики Мордовия | B51: 02 | C51: 03 | D51: 89 | I51: =I52 -> 159 | J51: =J52 -> 173.9 | K51: =K52 -> 180.2
A52: ='Приложение 2'!A52 -> Непрограммные расходы в рамках обеспечения деятельности главных распорядителей средств бюджетав Набережного сельского поселения Ромодановского муниципального района Республики Мордовия | B52: 02 | C52: 03 | D52: 89 | E52: 1 | I52: =I53 -> 159 | J52: =J53 -> 173.9 | K52: =K53 -> 180.2
A53: ='Приложение 2'!A53 -> Осуществление государственных полномочий Российской Федерации по воинскому учету в поселениях, на территориях которых отсутствуют структурные подразделения военных комиссариатов | B53: 02 | C53: 03 | D53: 89 | E53: 1 | F53: 00 | G53: 51180 | I53: =I56+I54 -> 159 | J53: =J56+J54 -> 173.9 | K53: =K56+K54 -> 180.2
A54: Расходы на выплаты персоналу в целях обеспечения выполнения функций государственными (муниципальными) органами, казенными учреждениями, органами управления государственными внебюджетными фондами | B54: 02 | C54: 03 | D54: 89 | E54: 1 | F54: 00 | G54: 51180 | H54: 100 | I54: =I55 -> 156 | J54: =J55 -> 169.9 | K54: =K55 -> 176.2
A55: Расходы на выплаты персоналу государственных (муниципальных) органов | B55: 02 | C55: 03 | D55: 89 | E55: 1 | F55: 00 | G55: 51180 | H55: 120 | I55: ='Приложение 2'!J55 -> 156 | J55: ='Приложение 2'!K55 -> 169.9 | K55: ='Приложение 2'!L55 -> 176.2
A56: Закупка товаров, работ и услуг для обеспечения государственных (муниципальных) нужд | B56: 02 | C56: 03 | D56: 89 | E56: 1 | F56: 00 | G56: 51180 | H56: 200 | I56: =I57 -> 3 | J56: =J57 -> 4 | K56: =K57 -> 4
A57: Иные закупки товаров, работ и услуг для обеспечения государственных (муниципальных) нужд | B57: 02 | C57: 03 | D57: 89 | E57: 1 | F57: 00 | G57: 51180 | H57: 240 | I57: ='Приложение 2'!J57 -> 3 | J57: ='Приложение 2'!K57 -> 4 | K57: ='Приложение 2'!L57 -> 4
A58: Национальная экономика | B58: 04 | I58: =I59 -> 335 | J58: =J59 -> 355 | K58: =K59 -> 369
A59: Дорожное хозяйство (дорожные фонды) | B59: 04 | C59: 09 | I59: =I60 -> 335 | J59: =J60 -> 355 | K59: =K60 -> 369
A60: Муниципальная программа «Комплексного развития транспортной инфраструктуры Набережного сельского поселения Ромодановского муниципального района Республики Мордовия на 2018- 2028 года" | B60: 04 | C60: 09 | D60: 13 | I60: =I61 -> 335 | J60: =J61 -> 355 | K60: =K61 -> 369
A61: Основное мероприятие "Ремонт и содержание дорог в границах поселения, поддержание дорожного полотна в работоспособном состоянии" | B61: 04 | C61: 09 | D61: 13 | E61: 0 | F61: 01 | I61: =I62 -> 335 | J61: =J62 -> 355 | K61: =K62 -> 369
A62: ='Приложение 2'!A62 -> Иные межбюджетные трансферты на осуществление полномочий по дорожной деятельности в отношении автомобильных дорог местного значения в границах населенных пунктов поселения и обеспечению безопасности дорожного движения на них, включая создание и обеспечение функционирования парковок (парковочных мест), осуществлению муниципального контроля на автомобильном транспорте, городском наземном электрическом транспорте и в дорожном хозяйстве в границах населенных пунктов поселения, организации дорожного движения, а также осуществлению иных полномочий в области использования автомобильных дорог и осуществления дорожной деятельности в соответствии с законодательством Российской Федерации | B62: 04 | C62: 09 | D62: 13 | E62: 0 | F62: 01 | G62: 9Д184 | I62: =I63 -> 335 | J62: =J63 -> 355 | K62: =K63 -> 369
A63: Закупка товаров, работ и услуг для обеспечения государственных (муниципальных) нужд | B63: 04 | C63: 09 | D63: 13 | E63: 0 | F63: 01 | G63: 9Д184 | H63: 200 | I63: =I64 -> 335 | J63: =J64 -> 355 | K63: =K64 -> 369
A64: Иные закупки товаров, работ и услуг для обеспечения государственных (муниципальных) нужд | B64: 04 | C64: 09 | D64: 13 | E64: 0 | F64: 01 | G64: 9Д184 | H64: 240 | I64: ='Приложение 2'!J64 -> 335 | J64: ='Приложение 2'!K64 -> 355 | K64: ='Приложение 2'!L64 -> 369
A65: Жилищно-коммунальное хозяйство | B65: 05 | I65: =I66 -> 2700.7 | J65: =J66 -> 176.9 | K65: =K66 -> 156.7
A66: Благоустройство | B66: 05 | C66: 03 | I66: =I67+I76+I81 -> 2700.7 | J66: =J67 -> 176.9 | K66: =K67 -> 156.7
A67: ='Приложение 2'!A67 -> Муниципальная программа "Комплексного развития социальной инфраструктуры Набережного сельского поселения Ромодановского муниципального района Республики Мордовия на 2018-2028 года" | B67: 05 | C67: 03 | D67: 10 | I67: =I68+I72 -> 465.7 | J67: =J72+J68 -> 176.9 | K67: =K72+K68 -> 156.7
A68: ='Приложение 2'!A68 -> Основное мероприятие "Благоустройство территории " | B68: 05 | C68: 03 | D68: 10 | E68: 0 | F68: 07 | I68: =I69 -> 139.1 | J68: =J69 -> 0 | K68: =K69 -> 0
A69: ='Приложение 2'!A69 -> Прочие мероприятия по благоустройству | B69: 05 | C69: 03 | D69: 10 | E69: 0 | F69: 07 | G69: 43040 | I69: =I70 -> 139.1 | J69: =J70 -> 0 | K69: =K70 -> 0
A70: ='Приложение 2'!A74 -> Закупка товаров, работ и услуг для обеспечения государственных (муниципальных) нужд | B70: 05 | C70: 03 | D70: 10 | E70: 0 | F70: 07 | G70: 43040 | H70: 200 | I70: =I71 -> 139.1 | J70: =J71 -> 0 | K70: =K71 -> 0
A71: ='Приложение 2'!A75 -> Иные закупки товаров, работ и услуг для обеспечения государственных (муниципальных) нужд | B71: 05 | C71: 03 | D71: 10 | E71: 0 | F71: 07 | G71: 43040 | H71: 240 | I71: ='Приложение 2'!J71 -> 139.1 | J71: ='Приложение 2'!K71 -> 0 | K71: ='Приложение 2'!L71 -> 0
A72: ='Приложение 2'!A72 -> Основное мероприятия "Освещение территории сельского поселения" | B72: 05 | C72: 03 | D72: 10 | E72: 0 | F72: 08 | I72: =I73 -> 326.6 | J72: =J73 -> 176.9 | K72: =K73 -> 156.7
A73: Уличное освещение | B73: 05 | C73: 03 | D73: 10 | E73: 0 | F73: 08 | G73: 43010 | I73: =I74 -> 326.6 | J73: =J74 -> 176.9 | K73: =K74 -> 156.7
A74: Закупка товаров, работ и услуг для обеспечения государственных (муниципальных) нужд | B74: 05 | C74: 03 | D74: 10 | E74: 0 | F74: 08 | G74: 43010 | H74: 200 | I74: =I75 -> 326.6 | J74: =J75 -> 176.9 | K74: =K75 -> 156.7
A75: Иные закупки товаров, работ и услуг для обеспечения государственных (муниципальных) нужд | B75: 05 | C75: 03 | D75: 10 | E75: 0 | F75: 08 | G75: 43010 | H75: 240 | I75: ='Приложение 2'!J75 -> 326.6 | J75: ='Приложение 2'!K75 -> 176.9 | K75: ='Приложение 2'!L75 -> 156.7
A76: ='Приложение 2'!A86 -> Непрограммные расходы главных распорядителей средств бюджета Набережного сельского поселения Ромодановского муниципального района Республики Мордовия | B76: 05 | C76: 03 | D76: 89 | I76: =I77 -> 447
A77: ='Приложение 2'!A87 -> Непрограммные расходы в рамках обеспечения деятельности главных распорядителей средств бюджета Набережного сельского поселения Ромодановского муниципального района Республики Мордовия | B77: 05 | C77: 03 | D77: 89 | E77: 1 | I77: =I78 -> 447
A78: ='Приложение 2'!A78 -> Организация и содержание мест захоронения | B78: 05 | C78: 03 | D78: 89 | E78: 1 | F78: 00 | G78: 43030 | I78: =I79 -> 447
A79: ='Приложение 2'!A79 -> Закупка товаров, работ и услуг для обеспечения государственных (муниципальных) нужд | B79: 05 | C79: 03 | D79: 89 | E79: 1 | F79: 00 | G79: 43030 | H79: 200 | I79: =I80 -> 447
A80: ='Приложение 2'!A80 -> Иные закупки товаров, работ и услуг для обеспечения государственных (муниципальных) нужд | B80: 05 | C80: 03 | D80: 89 | E80: 1 | F80: 00 | G80: 43030 | H80: 240 | I80: ='Приложение 2'!J80 -> 447
A81: ='Приложение 2'!A81 -> Решение вопросов местного значения,осуществляемое с провлечением средств самообложения граждан | B81: 05 | C81: 03 | D81: 89 | E81: 1 | F81: 00 | G81: 78090 | I81: =I82 -> 1788
A82: ='Приложение 2'!A82 -> Закупка товаров, работ и услуг для обеспечения государственных (муниципальных) нужд | B82: 05 | C82: 03 | D82: 89 | E82: 1 | F82: 00 | G82: 78090 | H82: 200 | I82: =I83 -> 1788
A83: ='Приложение 2'!A83 -> Иные закупки товаров, работ и услуг для обеспечения государственных (муниципальных) нужд | B83: 05 | C83: 03 | D83: 89 | E83: 1 | F83: 00 | G83: 78090 | H83: 240 | I83: ='Приложение 2'!J83 -> 1788
A84: Социальная политика | B84: 10 | I84: =I85 -> 263.2 | J84: =J85 -> 230.7 | K84: =K85 -> 230.7
A85: Пенсионное обеспечение | B85: 10 | C85: 01 | I85: =I86 -> 263.2 | J85: =J86 -> 230.7 | K85: =K86 -> 230.7
A86: Непрограммные расходы главных распорядителей средств бюджета Набережного сельского поселения Ромодановского муниципального района Республики Мордовия | B86: 10 | C86: 01 | D86: 89 | I86: =I87 -> 263.2 | J86: =J87 -> 230.7 | K86: =K87 -> 230.7
A87: Непрограммные расходы в рамках обеспечения деятельности главных распорядителей средств бюджета Набережного сельского поселения Ромодановского муниципального района Республики Мордовия | B87: 10 | C87: 01 | D87: 89 | E87: 1 | I87: =I88 -> 263.2 | J87: =J88 -> 230.7 | K87: =K88 -> 230.7
A88: Доплаты к пенсиям муниципальных служащих Республики Мордовия | B88: 10 | C88: 01 | D88: 89 | E88: 1 | F88: 00 | G88: 03010 | I88: =I89 -> 263.2 | J88: =J89 -> 230.7 | K88: =K89 -> 230.7
A89: Социальное обеспечение и иные выплаты населению | B89: 10 | C89: 01 | D89: 89 | E89: 1 | F89: 00 | G89: 03010 | H89: 300 | I89: =I90 -> 263.2 | J89: =J90 -> 230.7 | K89: =K90 -> 230.7
A90: Публичные нормативные социальные выплаты гражданам | B90: 10 | C90: 01 | D90: 89 | E90: 1 | F90: 00 | G90: 03010 | H90: 310 | I90: ='Приложение 2'!J90 -> 263.2 | J90: ='Приложение 2'!K90 -> 230.7 | K90: ='Приложение 2'!L90 -> 230.7
A91: ='Приложение 2'!A91 -> Обслуживание государственного (муниципального)долга | B91: 13 | I91: =I92 -> 3 | J91: =J92 -> 2.9 | K91: =K92 -> 2.8
A92: ='Приложение 2'!A92 -> Обслуживание государственного (муниципального)внутреннего долга | B92: 13 | C92: 01 | I92: =I93 -> 3 | J92: =J93 -> 2.9 | K92: =K93 -> 2.8
A93: =A86 -> Непрограммные расходы главных распорядителей средств бюджета Набережного сельского поселения Ромодановского муниципального района Республики Мордовия | B93: 13 | C93: 01 | D93: 89 | I93: =I94 -> 3 | J93: =J94 -> 2.9 | K93: =K94 -> 2.8
A94: =A87 -> Непрограммные расходы в рамках обеспечения деятельности главных распорядителей средств бюджета Набережного сельского поселения Ромодановского муниципального района Республики Мордовия | B94: 13 | C94: 01 | D94: 89 | E94: 1 | I94: =I95 -> 3 | J94: =J95 -> 2.9 | K94: =K95 -> 2.8
A95: ='Приложение 2'!A95 -> Процентные платежи по муниципальному долгу | B95: 13 | C95: 01 | D95: 89 | E95: 1 | F95: 00 | G95: 41240 | I95: =I96 -> 3 | J95: =J96 -> 2.9 | K95: =K96 -> 2.8
A96: ='Приложение 2'!A96 -> обслуживание государственного (муниципального)долга | B96: 13 | C96: 01 | D96: 89 | E96: 1 | F96: 00 | G96: 41240 | H96: 700 | I96: =I97 -> 3 | J96: =J97 -> 2.9 | K96: =K97 -> 2.8
A97: ='Приложение 2'!A97 -> Обслуживание муниципального долга | B97: 13 | C97: 01 | D97: 89 | E97: 1 | F97: 00 | G97: 41240 | H97: 730 | I97: ='Приложение 2'!J97 -> 3 | J97: ='Приложение 2'!K97 -> 2.9 | K97: ='Приложение 2'!L97 -> 2.8
A98: ='Приложение 2'!A98 -> Условно утвержденные расходы | B98: 99 | J98: ='Приложение 2'!K98 -> 50.4 | K98: ='Приложение 2'!L98 -> 104.6
A99: ='Приложение 2'!A99 -> Условно утвержденные расходы | B99: 99 | C99: 99 | J99: ='Приложение 2'!K99 -> 50.4 | K99: ='Приложение 2'!L99 -> 104.6
A100: =A10 -> Обеспечение деятельности Администрации Набережного сельского поселения Ромодановского муниципального района Республики Мордовия | B100: 99 | C100: 99 | D100: 65 | J100: ='Приложение 2'!K100 -> 50.4 | K100: ='Приложение 2'!L100 -> 104.6
...

Sheet Приложение 4
I1: Приложение 4 к решению Совета депутатов Набережного сельского поселения Ромодановского муниципального района Республики Мордовия «О внесении изменений в решение Совета депутатов Набережного сельского поселения Ромодановского муниципального района Республики Мордовия от 26 декабря 2024 г № 19 «О бюджете Набережного сельского поселения Ромодановского муниципального района Республики Мордовия на 2025 год и на плановый период 2026 и 2027 годов» Приложение 5 к решению Совета депутатов Набережного сельского поселения Ромодановского муниципального района Республики Мордовия «О бюджете Набережного сельского поселения Ромодановского муниципального района Республики Мордовия на 2025 год и на плановый период 2026 и 2027 годов»
A2: РАСПРЕДЕЛЕНИЕ БЮДЖЕТНЫХ АССИГНОВАНИЙ БЮДЖЕТА НАБЕРЕЖНОГО СЕЛЬСКОГО ПОСЕЛЕНИЯ РОМОДАНОВСКОГО МУНИЦИПАЛЬНОГО РАЙОНА РЕСПУБЛИКИ МОРДОВИЯ ПО ЦЕЛЕВЫМ СТАТЬЯМ (МУНИЦИПАЛЬНЫМ ПРОГРАММАМ И НЕПРОГРАММНЫМ НАПРАВЛЕНИЯМ ДЕЯТЕЛЬНОСТИ), ГРУППАМ И ПОДГРУППАМ ВИДОВ РАСХОДОВ, РАЗДЕЛАМ И ПОДРАЗДЕЛАМ КЛАССИФИКАЦИИ РАСХОДОВ БЮДЖЕТОВ НА 2025 ГОД И НА ПЛАНОВЫЙ ПЕРИОД 2026 И 2027 ГОДОВ
I3: (тыс. рублей)
A4: Наименование | B4: Цср | F4: ВР | G4: Рз | H4: Прз | I4: Адм | J4: Сумма
J5: 2025 год | K5: 2026 год | L5: 2027 год
A6: 1 | B6: 2 | C6: 3 | D6: 4 | E6: 5 | F6: 6 | G6: 7 | H6: 8 | I6: 9 | J6: 10 | K6: 11 | L6: 12
A7: ВСЕГО | J7: =J8+J23+J31+J69 -> 5026 | K7: =K8+K23+K31+K69 -> 2066 | L7: =L8+L23+L31+L69 -> 2117.4
A8: ='Приложение 2'!A67 -> Муниципальная программа "Комплексного развития социальной инфраструктуры Набережного сельского поселения Ромодановского муниципального района Республики Мордовия на 2018-2028 года" | B8: 10 | J8: =J9+J16 -> 465.7 | K8: =K9+K16 -> 176.9 | L8: =L9+L16 -> 156.7
A9: ='Приложение 2'!A72 -> Основное мероприятия "Освещение территории сельского поселения" | B9: 10 | C9: 0 | D9: 08 | J9: =J10 -> 326.6 | K9: =K10 -> 176.9 | L9: =L10 -> 156.7
A10: Уличное освещение | B10: 10 | C10: 0 | D10: 08 | E10: 43010 | J10: =J11 -> 326.6 | K10: =K11 -> 176.9 | L10: =L11 -> 156.7
A11: Закупка товаров, работ и услуг для обеспечения государственных (муниципальных) нужд | B11: 10 | C11: 0 | D11: 08 | E11: 43010 | F11: 200 | J11: =J12 -> 326.6 | K11: =K12 -> 176.9 | L11: =L12 -> 156.7
A12: Иные закупки товаров, работ и услуг для обеспечения государственных (муниципальных) нужд | B12: 10 | C12: 0 | D12: 08 | E12: 43010 | F12: 240 | J12: =J13 -> 326.6 | K12: =K13 -> 176.9 | L12: =L13 -> 156.7
A13: Жилищно-коммунальное хозяйство | B13: 10 | C13: 0 | D13: 08 | E13: 43010 | F13: 240 | G13: 05 | J13: =J14 -> 326.6 | K13: =K14 -> 176.9 | L13: =L14 -> 156.7
A14: Благоустройство | B14: 10 | C14: 0 | D14: 08 | E14: 43010 | F14: 240 | G14: 05 | H14: 03 | J14: =J15 -> 326.6 | K14: =K15 -> 176.9 | L14: =L15 -> 156.7
A15: Администрация Набережного сельского поселения Ромодановского муниципального района Республики Мордовия | B15: 10 | C15: 0 | D15: 08 | E15: 43010 | F15: 240 | G15: 05 | H15: 03 | I15: 919 | J15: ='Приложение 2'!J75 -> 326.6 | K15: ='Приложение 2'!K75 -> 176.9 | L15: ='Приложение 2'!L75 -> 156.7
A16: ='Приложение 2'!A68 -> Основное мероприятие "Благоустройство территории " | B16: 10 | C16: 0 | D16: 07 | J16: =J17 -> 139.1 | K16: =K17 -> 0 | L16: =L17 -> 0
A17: ='Приложение 2'!A69 -> Прочие мероприятия по благоустройству | B17: 10 | C17: 0 | D17: 07 | E17: 43040 | J17: =J18 -> 139.1 | K17: =K18 -> 0 | L17: =L18 -> 0
A18: ='Приложение 2'!A70 -> Закупка товаров, работ и услуг для обеспечения государственных (муниципальных) нужд | B18: 10 | C18: 0 | D18: 07 | E18: 43040 | F18: 200 | J18: =J19 -> 139.1 | K18: =K19 -> 0 | L18: =L19 -> 0
A19: ='Приложение 2'!A71 -> Иные закупки товаров, работ и услуг для обеспечения государственных (муниципальных) нужд | B19: 10 | C19: 0 | D19: 07 | E19: 43040 | F19: 240 | J19: =J20 -> 139.1 | K19: =K20 -> 0 | L19: =L20 -> 0
A20: ='Приложение 2'!A65 -> Жилищно-коммунальное хозяйство | B20: 10 | C20: 0 | D20: 07 | E20: 43040 | F20: 240 | G20: 05 | J20: =J21 -> 139.1 | K20: =K21 -> 0 | L20: =L21 -> 0
A21: ='Приложение 2'!A66 -> Благоустройство | B21: 10 | C21: 0 | D21: 07 | E21: 43040 | F21: 240 | G21: 05 | H21: 03 | J21: =J22 -> 139.1 | K21: =K22 -> 0 | L21: =L22 -> 0
A22: =A15 -> Администрация Набережного сельского поселения Ромодановского муниципального района Республики Мордовия | B22: 10 | C22: 0 | D22: 07 | E22: 43040 | F22: 240 | G22: 05 | H22: 03 | I22: 919 | J22: ='Приложение 2'!J71 -> 139.1 | K22: ='Приложение 2'!K71 -> 0 | L22: ='Приложение 2'!L71 -> 0
A23: Муниципальная программа «Комплексного развития транспортной инфраструктуры Набережного сельского поселения Ромодановского муниципального района Республики Мордовия на 2018- 2028 года" | B23: 13 | J23: =J24 -> 335 | K23: =K24 -> 355 | L23: =L24 -> 369
A24: Основное мероприятие "Ремонт и содержание дорог в границах поселения, поддержание дорожного полотна в работоспособном состоянии" | B24: 13 | C24: 0 | D24: 01 | J24: =J25 -> 335 | K24: =K25 -> 355 | L24: =L25 -> 369
A25: ='Приложение 2'!A62 -> Иные межбюджетные трансферты на осуществление полномочий по дорожной деятельности в отношении автомобильных дорог местного значения в границах населенных пунктов поселения и обеспечению безопасности дорожного движения на них, включая создание и обеспечение функционирования парковок (парковочных мест), осуществлению муниципального контроля на автомобильном транспорте, городском наземном электрическом транспорте и в дорожном хозяйстве в границах населенных пунктов поселения, организации дорожного движения, а также осуществлению иных полномочий в области использования автомобильных дорог и осуществления дорожной деятельности в соответствии с законодательством Российской Федерации | B25: 13 | C25: 0 | D25: 01 | E25: 9Д184 | J25: =J26 -> 335 | K25: =K26 -> 355 | L25: =L26 -> 369
A26: Закупка товаров, работ и услуг для обеспечения государственных (муниципальных) нужд | B26: 13 | C26: 0 | D26: 01 | E26: 9Д184 | F26: 200 | J26: =J27 -> 335 | K26: =K27 -> 355 | L26: =L27 -> 369
A27: Иные закупки товаров, работ и услуг для обеспечения государственных (муниципальных) нужд | B27: 13 | C27: 0 | D27: 01 | E27: 9Д184 | F27: 240 | J27: =J28 -> 335 | K27: =K28 -> 355 | L27: =L28 -> 369
A28: Национальная экономика | B28: 13 | C28: 0 | D28: 01 | E28: 9Д184 | F28: 240 | G28: 04 | J28: =J29 -> 335 | K28: =K29 -> 355 | L28: =L29 -> 369
A29: ='Приложение 2'!A59 -> Дорожное хозяйство (дорожные фонды) | B29: 13 | C29: 0 | D29: 01 | E29: 9Д184 | F29: 240 | G29: 04 | H29: 09 | J29: =J30 -> 335 | K29: =K30 -> 355 | L29: =L30 -> 369
A30: Администрация Набережного сельского поселения Ромодановского муниципального района Республики Мордовия | B30: 13 | C30: 0 | D30: 01 | E30: 9Д184 | F30: 240 | G30: 04 | H30: 09 | I30: 919 | J30: ='Приложение 2'!J64 -> 335 | K30: ='Приложение 2'!K64 -> 355 | L30: ='Приложение 2'!L64 -> 369
A31: ='Приложение 2'!A10 -> Обеспечение деятельности Администрации Набережного сельского поселения Ромодановского муниципального района Республики Мордовия | B31: 65 | J31: =J32+J51 -> 1517.6 | K31: =K32+K51 -> 1121.6 | L31: =L32+L51 -> 1173
A32: Высшее должностное лицо | B32: 65 | C32: 1 | J32: =J33+J45 -> 651.9 | K32: =K33+K39 -> 651 | L32: =L33+L39 -> 651
A33: Расходы на выплаты по оплате труда высшего должностного лица | B33: 65 | C33: 1 | D33: 00 | E33: 41150 | J33: =J34 -> 558.1 | K33: =K34 -> 600.6 | L33: =L34 -> 546.4
A34: Расходы на выплаты персоналу в целях обеспечения выполнения функций государственными (муниципальными) органами, казенными учреждениями, органами управления государственными внебюджетными фондами | B34: 65 | C34: 1 | D34: 00 | E34: 41150 | F34: 100 | J34: =J35 -> 558.1 | K34: =K35 -> 600.6 | L34: =L35 -> 546.4
A35: Расходы на выплаты персоналу государственных (муниципальных) органов | B35: 65 | C35: 1 | D35: 00 | E35: 41150 | F35: 120 | J35: =J36 -> 558.1 | K35: =K36 -> 600.6 | L35: =L36 -> 546.4
A36: Общегосударственные вопросы | B36: 65 | C36: 1 | D36: 00 | E36: 41150 | F36: 120 | G36: 01 | J36: =J37 -> 558.1 | K36: =K37 -> 600.6 | L36: =L37 -> 546.4
A37: Функционирование высшего должностного лица субъекта Российской Федерации и муниципального образования | B37: 65 | C37: 1 | D37: 00 | E37: 41150 | F37: 120 | G37: 01 | H37: 02 | J37: =J38 -> 558.1 | K37: =K38 -> 600.6 | L37: =L38 -> 546.4
A38: Администрация Набережного сельского поселения Ромодановского муниципального района Республики Мордовия | B38: 65 | C38: 1 | D38: 00 | E38: 41150 | F38: 120 | G38: 01 | H38: 02 | I38: 919 | J38: ='Приложение 2'!J14 -> 558.1 | K38: ='Приложение 2'!K14 -> 600.6 | L38: ='Приложение 2'!L14 -> 546.4
A39: ='Приложение 3'!A102 -> Условно утвержденные расходы | B39: 65 | C39: 1 | D39: 00 | E39: 41990 | J39: 0 | K39: =K40 -> 50.4 | L39: =L40 -> 104.6
A40: ='Приложение 3'!A103 -> Иные бюджетные ассигнования | B40: 65 | C40: 1 | D40: 00 | E40: 41990 | F40: 800 | J40: 0 | K40: =K41 -> 50.4 | L40: =L41 -> 104.6
A41: ='Приложение 3'!A104 -> Резервные средства | B41: 65 | C41: 1 | D41: 00 | E41: 41990 | F41: 870 | J41: 0 | K41: =K42 -> 50.4 | L41: =L42 -> 104.6
A42: ='Приложение 3'!A98 -> Условно утвержденные расходы | B42: 65 | C42: 1 | D42: 00 | E42: 41990 | F42: 870 | G42: 99 | J42: 0 | K42: =K43 -> 50.4 | L42: =L43 -> 104.6
A43: ='Приложение 3'!A99 -> Условно утвержденные расходы | B43: 65 | C43: 1 | D43: 00 | E43: 41990 | F43: 870 | G43: 99 | H43: 99 | J43: 0 | K43: =K44 -> 50.4 | L43: =L44 -> 104.6
A44: Администрация Набережного сельского поселения Ромодановского муниципального района Республики Мордовия | B44: 65 | C44: 1 | D44: 00 | E44: 41990 | F44: 870 | G44: 99 | H44: 99 | I44: 919 | J44: 0 | K44: ='Приложение 2'!K104 -> 50.4 | L44: ='Приложение 2'!L104 -> 104.6
A45: ='Приложение 2'!A15 -> Субсидии на со финансирование расходных обязательств по финансовому обеспечению деятельности органов местного самоуправления и муниципальных учреждений | B45: 65 | C45: 1 | D45: 00 | E45: 44205 | J45: =J46 -> 93.8 | K45: =K46 -> 0 | L45: =L46 -> 0
A46: ='Приложение 2'!A16 -> Расходы на выплаты персоналу в целях обеспечения выполнения функций государственными (муниципальными) органами, казенными учреждениями, органами управления государственными внебюджетными фондами | B46: 65 | C46: 1 | D46: 00 | E46: 44205 | F46: 100 | J46: =J47 -> 93.8 | K46: =K47 -> 0 | L46: =L47 -> 0
A47: ='Приложение 2'!A17 -> Расходы на выплаты персоналу государственных (муниципальных) органов | B47: 65 | C47: 1 | D47: 00 | E47: 44205 | F47: 120 | J47: =J48 -> 93.8 | K47: =K48 -> 0 | L47: =L48 -> 0
A48: =A36 -> Общегосударственные вопросы | B48: 65 | C48: 1 | D48: 00 | E48: 44205 | F48: 120 | G48: 01 | J48: =J49 -> 93.8 | K48: =K49 -> 0 | L48: =L49 -> 0
A49: =A37 -> Функционирование высшего должностного лица субъекта Российской Федерации и муниципального образования | B49: 65 | C49: 1 | D49: 00 | E49: 44205 | F49: 120 | G49: 01 | H49: 02 | J49: =J50 -> 93.8 | K49: 0 | L49: 0
A50: =A44 -> Администрация Набережного сельского поселения Ромодановского муниципального района Республики Мордовия | B50: 65 | C50: 1 | D50: 00 | E50: 44205 | F50: 120 | G50: 01 | H50: 02 | I50: 919 | J50: ='Приложение 2'!J17 -> 93.8 | K50: 0 | L50: 0
A51: ='Приложение 2'!A20 -> Расходы в рамках обеспечения деятельности администрации Набережного сельского поселения | B51: 65 | C51: 2 | J51: =J52+J58 -> 865.7 | K51: =K52+K58 -> 470.6 | L51: =L52+L58 -> 522
A52: Расходы на выплаты по оплате труда работников органов местного самоуправления | B52: 65 | C52: 2 | D52: 00 | E52: 41110 | J52: =J53 -> 260.4 | K52: =K53 -> 260.4 | L52: =L53 -> 260.4
A53: Расходы на выплаты персоналу в целях обеспечения выполнения функций государственными (муниципальными) органами, казенными учреждениями, органами управления государственными внебюджетными фондами | B53: 65 | C53: 2 | D53: 00 | E53: 41110 | F53: 100 | J53: =J54 -> 260.4 | K53: =K54 -> 260.4 | L53: =L54 -> 260.4
A54: Расходы на выплаты персоналу государственных (муниципальных) органов | B54: 65 | C54: 2 | D54: 00 | E54: 41110 | F54: 120 | J54: =J55 -> 260.4 | K54: =K55 -> 260.4 | L54: =L55 -> 260.4
A55: Общегосударственные вопросы | B55: 65 | C55: 2 | D55: 00 | E55: 41110 | F55: 120 | G55: 01 | J55: =J56 -> 260.4 | K55: =K56 -> 260.4 | L55: =L56 -> 260.4
A56: ='Приложение 2'!A18 -> Функционирование Правительства Российской Федерации, высших исполнительных органов субъектов Российской Федерации, местных администраций | B56: 65 | C56: 2 | D56: 00 | E56: 41110 | F56: 120 | G56: 01 | H56: 04 | J56: =J57 -> 260.4 | K56: =K57 -> 260.4 | L56: =L57 -> 260.4
A57: Администрация Набережного сельского поселения Ромодановского муниципального района Республики Мордовия | B57: 65 | C57: 2 | D57: 00 | E57: 41110 | F57: 120 | G57: 01 | H57: 04 | I57: 919 | J57: ='Приложение 2'!J23 -> 260.4 | K57: ='Приложение 2'!K23 -> 260.4 | L57: ='Приложение 2'!L23 -> 260.4
A58: ='Приложение 3'!A24 -> Расходы на обеспечение выполнения функций органов местного самоуправления | B58: 65 | C58: 2 | D58: 00 | E58: 41120 | J58: =J59+J64 -> 605.3 | K58: =K59+K64 -> 210.2 | L58: =L59+L64 -> 261.6
A59: Закупка товаров, работ и услуг для обеспечения государственных (муниципальных) нужд | B59: 65 | C59: 2 | D59: 00 | E59: 41120 | F59: 200 | J59: =J60 -> 603.3 | K59: =K60 -> 208.2 | L59: =L60 -> 259.6
A60: ='Приложение 3'!A26 -> Иные закупки товаров, работ и услуг для обеспечения государственных (муниципальных) нужд | B60: 65 | C60: 2 | D60: 00 | E60: 41120 | F60: 240 | J60: =J61 -> 603.3 | K60: =K61 -> 208.2 | L60: =L61 -> 259.6
A61: ='Приложение 4'!A55 -> Общегосударственные вопросы | B61: 65 | C61: 2 | D61: 00 | E61: 41120 | F61: 240 | G61: 01 | J61: =J62 -> 603.3 | K61: =K62 -> 208.2 | L61: =L62 -> 259.6
A62: =A56 -> Функционирование Правительства Российской Федерации, высших исполнительных органов субъектов Российской Федерации, местных администраций | B62: 65 | C62: 2 | D62: 00 | E62: 41120 | F62: 240 | G62: 01 | H62: 04 | J62: =J63 -> 603.3 | K62: =K63 -> 208.2 | L62: =L63 -> 259.6
A63: =A57 -> Администрация Набережного сельского поселения Ромодановского муниципального района Республики Мордовия | B63: 65 | C63: 2 | D63: 00 | E63: 41120 | F63: 240 | G63: 01 | H63: 04 | I63: 919 | J63: ='Приложение 2'!J26 -> 603.3 | K63: ='Приложение 2'!K26 -> 208.2 | L63: ='Приложение 2'!L26 -> 259.6
A64: ='Приложение 3'!A27 -> Иные бюджетные ассигнования | B64: 65 | C64: 2 | D64: 00 | E64: 41120 | F64: 800 | J64: =J65 -> 2 | K64: =K65 -> 2 | L64: =L65 -> 2
A65: ='Приложение 3'!A28 -> Уплата налогов, сборов и иных платежей | B65: 65 | C65: 2 | D65: 00 | E65: 41120 | F65: 850 | J65: =J66 -> 2 | K65: =K66 -> 2 | L65: =L66 -> 2
A66: =A61 -> Общегосударственные вопросы | B66: 65 | C66: 2 | D66: 00 | E66: 41120 | F66: 850 | G66: 01 | J66: =J67 -> 2 | K66: =K67 -> 2 | L66: =L67 -> 2
A67: =A62 -> Функционирование Правительства Российской Федерации, высших исполнительных органов субъектов Российской Федерации, местных администраций | B67: 65 | C67: 2 | D67: 00 | E67: 41120 | F67: 850 | G67: 01 | H67: 04 | J67: =J68 -> 2 | K67: =K68 -> 2 | L67: =L68 -> 2
A68: =A63 -> Администрация Набережного сельского поселения Ромодановского муниципального района Республики Мордовия | B68: 65 | C68: 2 | D68: 00 | E68: 41120 | F68: 850 | G68: 01 | H68: 04 | I68: 919 | J68: ='Приложение 2'!J28 -> 2 | K68: ='Приложение 2'!K28 -> 2 | L68: ='Приложение 2'!L28 -> 2
A69: ='Приложение 2'!A86 -> Непрограммные расходы главных распорядителей средств бюджета Набережного сельского поселения Ромодановского муниципального района Республики Мордовия | B69: 89 | J69: =J76+J82+J100+J112+J117+J129+J101+J83+J89+J123 -> 2707.7 | K69: =K76+K82+K100+K112+K117+K129 -> 412.5 | L69: =L76+L82+L100+L112+L117+L129 -> 418.7
A70: ='Приложение 2'!A87 -> Непрограммные расходы в рамках обеспечения деятельности главных распорядителей средств бюджета Набережного сельского поселения Ромодановского муниципального района Республики Мордовия | B70: 89 | C70: 1 | J70: =J72 -> 263.2 | K70: =K72 -> 230.7 | L70: =L72 -> 230.7
A71: ='Приложение 2'!A88 -> Доплаты к пенсиям муниципальных служащих Республики Мордовия | B71: 89 | C71: 1 | D71: 00 | E71: 03010 | J71: =J72 -> 263.2 | K71: =K72 -> 230.7 | L71: =L72 -> 230.7
A72: ='Приложение 2'!A89 -> Социальное обеспечение и иные выплаты населению | B72: 89 | C72: 1 | D72: 00 | E72: 03010 | F72: 300 | J72: =J73 -> 263.2 | K72: =K73 -> 230.7 | L72: =L73 -> 230.7
A73: ='Приложение 2'!A90 -> Публичные нормативные социальные выплаты гражданам | B73: 89 | C73: 1 | D73: 00 | E73: 03010 | F73: 310 | J73: =J74 -> 263.2 | K73: =K74 -> 230.7 | L73: =L74 -> 230.7
A74: ='Приложение 2'!A84 -> Социальная политика | B74: 89 | C74: 1 | D74: 00 | E74: 03010 | F74: 310 | G74: 10 | J74: ='Приложение 2'!J90 -> 263.2 | K74: ='Приложение 2'!K90 -> 230.7 | L74: ='Приложение 2'!L90 -> 230.7
A75: ='Приложение 2'!A85 -> Пенсионное обеспечение | B75: 89 | C75: 1 | D75: 00 | E75: 03010 | F75: 310 | G75: 10 | H75: 01 | J75: =J76 -> 263.2 | K75: =K76 -> 230.7 | L75: =L76 -> 230.7
A76: =A68 -> Администрация Набережного сельского поселения Ромодановского муниципального района Республики Мордовия | B76: 89 | C76: 1 | D76: 00 | E76: 03010 | F76: 310 | G76: 10 | H76: 01 | I76: 919 | J76: ='Приложение 2'!J90 -> 263.2 | K76: ='Приложение 2'!K90 -> 230.7 | L76: ='Приложение 2'!L90 -> 230.7
A77: ='Приложение 2'!A37 -> Резервный фонд администрации Набережного сельского поселения Ромодановского муниципального района Республики Мордовия | B77: 89 | C77: 1 | D77: 00 | E77: 41180 | J77: =J78 -> 5 | K77: =K78 -> 5 | L77: =L78 -> 5
A78: ='Приложение 2'!A38 -> Иные бюджетные ассигнования | B78: 89 | C78: 1 | D78: 00 | E78: 41180 | F78: 800 | J78: =J79 -> 5 | K78: =K79 -> 5 | L78: =L79 -> 5
A79: ='Приложение 2'!A39 -> Резервные средства | B79: 89 | C79: 1 | D79: 00 | E79: 41180 | F79: 870 | J79: =J80 -> 5 | K79: =K80 -> 5 | L79: =L80 -> 5
A80: ='Приложение 2'!A8 -> Общегосударственные вопросы | B80: 89 | C80: 1 | D80: 00 | E80: 41180 | F80: 870 | G80: 01 | J80: =J81 -> 5 | K80: =K81 -> 5 | L80: =L81 -> 5
A81: ='Приложение 2'!A34 -> Резервные фонды | B81: 89 | C81: 1 | D81: 00 | E81: 41180 | F81: 870 | G81: 01 | H81: 11 | J81: =J82 -> 5 | K81: =K82 -> 5 | L81: =L82 -> 5
A82: =A76 -> Администрация Набережного сельского поселения Ромодановского муниципального района Республики Мордовия | B82: 89 | C82: 1 | D82: 00 | E82: 41180 | F82: 870 | G82: 01 | H82: 11 | I82: 919 | J82: ='Приложение 2'!J39 -> 5 | K82: ='Приложение 2'!K39 -> 5 | L82: ='Приложение 2'!L39 -> 5
A83: ='Приложение 2'!A43 -> Мероприятия, связанные с муниципальным управлением | B83: 89 | C83: 1 | D83: 00 | E83: 41210 | J83: =J84 -> 12
A84: ='Приложение 2'!A47 -> Иные бюджетные ассигнования | B84: 89 | C84: 1 | D84: 00 | E84: 41210 | F84: 800 | J84: =J85 -> 12
A85: ='Приложение 2'!A48 -> Уплата налогов, сборов и иных платежей | B85: 89 | C85: 1 | D85: 00 | E85: 41210 | F85: 850 | J85: =J86 -> 12
A86: ='Приложение 2'!A8 -> Общегосударственные вопросы | B86: 89 | C86: 1 | D86: 00 | E86: 41210 | F86: 850 | G86: 01 | J86: =J87 -> 12
A87: ='Приложение 2'!A40 -> Другие общегосударственные вопросы | B87: 89 | C87: 1 | D87: 00 | E87: 41210 | F87: 850 | G87: 01 | H87: 13 | J87: =J88 -> 12
A88: =A82 -> Администрация Набережного сельского поселения Ромодановского муниципального района Республики Мордовия | B88: 89 | C88: 1 | D88: 00 | E88: 41210 | F88: 850 | G88: 01 | H88: 13 | I88: 919 | J88: ='Приложение 2'!J45 -> 12
A89: ='Приложение 2'!A46 -> Исполнение судебных актов,предусматривающих обращение взыскания на средства бюджета Набережного сельского поселения Ромодановского муниципального района Республики Мордовия | B89: 89 | C89: 1 | D89: 00 | E89: 41220 | J89: =J90 -> 30
A90: =A84 -> Иные бюджетные ассигнования | B90: 89 | C90: 1 | D90: 00 | E90: 41220 | F90: 800 | J90: =J91 -> 30
A91: =A85 -> Уплата налогов, сборов и иных платежей | B91: 89 | C91: 1 | D91: 00 | E91: 41220 | F91: 850 | J91: =J92 -> 30
A92: =A86 -> Общегосударственные вопросы | B92: 89 | C92: 1 | D92: 00 | E92: 41220 | F92: 850 | G92: 01 | J92: =J93 -> 30
A93: =A87 -> Другие общегосударственные вопросы | B93: 89 | C93: 1 | D93: 00 | E93: 41220 | F93: 850 | G93: 01 | H93: 13 | J93: =J94 -> 30
A94: =A88 -> Администрация Набережного сельского поселения Ромодановского муниципального района Республики Мордовия | B94: 89 | C94: 1 | D94: 00 | E94: 41220 | F94: 850 | G94: 01 | H94: 13 | I94: 919 | J94: ='Приложение 2'!J48 -> 30
A95: ='Приложение 2'!A95 -> Процентные платежи по муниципальному долгу | B95: 89 | C95: 1 | D95: 00 | E95: 41240 | J95: =J96 -> 3 | K95: =K96 -> 2.9 | L95: =L96 -> 2.8
A96: ='Приложение 2'!A96 -> обслуживание государственного (муниципального)долга | B96: 89 | C96: 1 | D96: 00 | E96: 41240 | F96: 700 | J96: =J97 -> 3 | K96: =K97 -> 2.9 | L96: =L97 -> 2.8
A97: ='Приложение 2'!A97 -> Обслуживание муниципального долга | B97: 89 | C97: 1 | D97: 00 | E97: 41240 | F97: 730 | J97: =J98 -> 3 | K97: =K98 -> 2.9 | L97: =L98 -> 2.8
A98: ='Приложение 2'!A8 -> Общегосударственные вопросы | B98: 89 | C98: 1 | D98: 00 | E98: 41240 | F98: 730 | G98: 01 | J98: =J99 -> 3 | K98: =K99 -> 2.9 | L98: =L99 -> 2.8
A99: ='Приложение 2'!A91 -> Обслуживание государственного (муниципального)долга | B99: 89 | C99: 1 | D99: 00 | E99: 41240 | F99: 730 | G99: 01 | H99: 13 | J99: =J100 -> 3 | K99: =K100 -> 2.9 | L99: =L100 -> 2.8
A100: =A82 -> Администрация Набережного сельского поселения Ромодановского муниципального района Республики Мордовия | B100: 89 | C100: 1 | D100: 00 | E100: 41240 | F100: 730 | G100: 01 | H100: 13 | I100: 919 | J100: ='Приложение 2'!J97 -> 3 | K100: ='Приложение 2'!K97 -> 2.9 | L100: ='Приложение 2'!L97 -> 2.8
...

Sheet прил5
C1: Приложение 5 к решению Совета депутатов Набережного сельского поселения Ромодановского муниципального района Республики Мордовия «О внесении изменений в решение Совета депутатов Набережного сельского поселения Ромодановского муниципального района Республики Мордовия от 26 декабря 2024 г № 19 «О бюджете Набережного сельского поселения Ромодановского муниципального района Республики Мордовия на 2025 год и на плановый период 2026 и 2027 годов» Приложение 6 к решению Совета депутатов Набережного сельского поселения Ромодановского муниципального района Республики Мордовия «О бюджете Набережного сельского поселения Ромодановского муниципального района Республики Мордовия на 2025 год и на плановый период 2026 и 2027 годов»
A2: ИСТОЧНИКИ ВНУТРЕННЕГО ФИНАНСИРОВАНИЯ ДЕФИЦИТА БЮДЖЕТА НАБЕРЕЖНОГО СЕЛЬСКОГО ПОСЕЛЕНИЯ РОМОДАНОВСКОГО МУНИЦИПАЛЬНОГО РАЙОНА РЕСПУБЛИКИ МОРДОВИЯ НА 2025 ГОД И НА ПЛАНОВЫЙ ПЕРИОД 2026 и 2027 ГОДОВ
A6: Код | B6: Наименование кода группы, подгруппы, статьи, вида источника финансирования дефицитов бюджетов, кода классификации операций сектора государственного управления, относящихся к источникам финансирования дефицитов бюджетов Российской Федерации | C6: Сумма (тыс. руб.)
C7: 2025 год | D7: 2026 год | E7: 2027 год
A8: 1 | B8: 2 | C8: 3 | D8: 4 | E8: 5
A9: 000 01 00 00 00 00 0000 000 | B9: ИСТОЧНИКИ ВНУТРЕННЕГО ФИНАНСИРОВАНИЯ ДЕФИЦИТОВ БЮДЖЕТОВ | C9: =C10+C21+C13+C17 -> 245.6 | D9: =D10+D21+D13+D17 -> -123.8 | E9: =E10+E21+E13+E17 -> -154.6
A10: 000 01 02 00 00 00 0000 000 | B10: Кредиты кредитных организаций в валюте Российской Федерации | C10: =SUM(C11) -> 0 | D10: =SUM(D11) -> 0 | E10: =SUM(E11) -> 0
A11: 000 01 02 00 00 00 0000 700 | B11: Привлечение кредитов от кредитных организаций в валюте Российской Федерации | C11: =SUM(C12) -> 0 | D11: =SUM(D12) -> 0 | E11: =SUM(E12) -> 0
A12: 000 01 02 00 00 05 0000 710 | B12: Привлечение кредитов от кредитных организаций бюджетами муниципальных районов в валюте Российской Федерации
A13: 000 01 03 00 00 00 0000 000 | B13: Бюджетные кредиты из других бюджетов бюджетной системы Российской Федерации | C13: =C14 -> -92.8 | D13: =D14 -> -123.8 | E13: =E14 -> -154.6
A14: 000 01 03 01 00 00 0000 000 | B14: Бюджетные кредиты из других бюджетов бюджетной системы Российской Федерации в валюте Российской Федерации | C14: =C15 -> -92.8 | D14: =D15 -> -123.8 | E14: =E15 -> -154.6
A15: 000 01 03 01 00 00 0000 800 | B15: Погашение бюджетных кредитов, полученных из других бюджетов бюджетной системы Российской Федерации в валюте Российской Федерации | C15: =SUM(C16) -> -92.8 | D15: =SUM(D16) -> -123.8 | E15: =SUM(E16) -> -154.6
A16: 000 01 03 01 00 10 0000 810 | B16: Погашение бюджетами сельских поселений кредитов из других бюджетов бюджетной системы Российской Федерации в валюте Российской Федерации | C16: -92.8 | D16: -123.8 | E16: -154.6
A17: 000 01 06 00 00 00 0000 000 | B17: Иные источники внутреннего финансирования дефицитов бюджетов | C17: =C18 -> 0 | D17: =D18 -> 0 | E17: =E18 -> 0
A18: 000 01 06 05 00 00 0000 000 | B18: Бюджетные кредиты, предоставленные внутри страны в валюте Российской Федерации | C18: =C19 -> 0 | D18: =D19 -> 0 | E18: =E19 -> 0
A19: 000 01 06 05 02 00 0000 600 | B19: Возврат бюджетных кредитов, предоставленных другим бюджетам бюджетной системы Российской Федерации в валюте Российской Федерации | C19: =C20 -> 0 | D19: =D20 -> 0 | E19: =E20 -> 0
A20: 000 01 06 05 02 05 0000 640 | B20: Возврат бюджетных кредитов, предоставленных другим бюджетам бюджетной системы Российской Федерации из бюджетов муниципальных районов в валюте Российской Федерации | C20: 0 | D20: 0 | E20: 0
A21: 000 01 05 00 00 00 0000 000 | B21: Изменения остатков средств на счетах по учету средств бюджета | C21: =C22+C25 -> 338.4 | D21: =D22+D25 -> 0 | E21: =E22+E25 -> 0
A22: 000 01 05 02 00 00 0000 500 | B22: Увеличение прочих остатков средств бюджетов | C22: =SUM(C23) -> -4780.4 | D22: =SUM(D23) -> -2190.3 | E22: =SUM(E23) -> -2272.5
A23: 000 01 05 02 01 00 0000 510 | B23: Увеличение прочих остатков денежных средств бюджетов | C23: =SUM(C24) -> -4780.4 | D23: =SUM(D24) -> -2190.3 | E23: =SUM(E24) -> -2272.5
A24: 000 01 05 02 01 10 0000 510 | B24: Увеличение прочих остатков денежных средств бюджетов сельских поселений | C24: -4780.4 | D24: -2190.3 | E24: -2272.5
A25: 000 01 05 02 00 00 0000 600 | B25: Уменьшение прочих остатков средств бюджетов | C25: 5118.8 | D25: =SUM(D26) -> 2190.3 | E25: =SUM(E26) -> 2272.5
A26: 000 01 05 02 01 00 0000 610 | B26: Уменьшение прочих остатков денежных средств бюджетов | C26: =SUM(C27) -> 5026 | D26: =SUM(D27) -> 2190.3 | E26: =SUM(E27) -> 2272.5
A27: 000 01 05 02 01 05 0000 610 | B27: Уменьшение прочих остатков денежных средств бюджетов муниципальных районов | C27: 5026 | D27: 2190.3 | E27: 2272.5
A28: 000 01 00 00 00 00 0000 000 | B28: Итого источников внутреннего финансирования дефицита бюджета Набережного сельского поселения Ромодановского муниципального района Республики Мордовия | C28: 0 | D28: 0 | E28: 0
B29: собственные доходы | C29: 1335.9 | D29: 936.2 | E29: 993.4

Sheet прил6
D1: Приложение 6 к решению Совета депутатов Набережного сельского поселения Ромодановского муниципального района Республики Мордовия «О внесении изменений в решение Совета депутатов Набережного сельского поселения Ромодановского муниципального района Республики Мордовия от 26 декабря 2024 г № 19 «О бюджете Набережного сельского поселения Ромодановского муниципального района Республики Мордовия на 2025 год и на плановый период 2026 и 2027 годов» Приложение 7 к решению Совета депутатов Набережного сельского поселения Ромодановского муниципального района Республики Мордовия «О бюджете Набережного сельского поселения Ромодановского муниципального района Республики Мордовия на 2025 год и на плановый период 2026 и 2027 годов»
A2: ПРОГРАММА МУНИЦИПАЛЬНЫХ ВНУТРЕННИХ ЗАИМСТВОВАНИЙ НАБЕРЕЖНОГО СЕЛЬСКОГО ПОСЕЛЕНИЯ РОМОДАНОВСКОГО МУНИЦИПАЛЬНОГО РАЙОНА РЕСПУБЛИКИ МОРДОВИЯ НА 2025 ГОД И НА ПЛАНОВЫЙ ПЕРИОД 2026 И 2027 ГОДОВ
A6: № п/п | B6: ВИДЫ ЗАИМСТВОВАНИЙ | C6: Сумма (тыс. рублей)
C7: 2024 год | D7: 2025 год | E7: 2026 год
A8: 1 | B8: 2 | C8: 3 | D8: 4 | E8: 5
A9: ВСЕГО
A10: I | B10: Кредиты кредитных организаций в валюте Российской Федерации | C10: =C12 -> 0 | D10: =D12 -> 0 | E10: =E12 -> 0
B11: в том числе
A12: 1 | B12: Объем привлечения
A13: 2 | B13: Объем средств, направляемых на погашение основной суммы долга
A14: 11 | B14: Бюджетные кредиты от других бюджетов бюджетной системы Российской Федерации | C14: =C17 -> -92.8 | D14: =D17 -> -123.8 | E14: =E17 -> -154.6
B15: в том числе
A16: 1 | B16: Объем привлечения
A17: 2 | B17: Объем средств, направляемых на погашение основной суммы долга | C17: =прил5!C16 -> -92.8 | D17: =прил5!D16 -> -123.8 | E17: =прил5!E16 -> -154.6
B18: ВСЕГО | C18: =C12+C17 -> -92.8 | D18: =D12+D17 -> -123.8 | E18: =E12+E17 -> -154.6

Sheet Лист1
